%YAML 1.1
%TAG !u! tag:unity3d.com,2011:
--- !u!29 &1
OcclusionCullingSettings:
  m_ObjectHideFlags: 0
  serializedVersion: 2
  m_OcclusionBakeSettings:
    smallestOccluder: 5
    smallestHole: 0.25
    backfaceThreshold: 100
  m_SceneGUID: 00000000000000000000000000000000
  m_OcclusionCullingData: {fileID: 0}
--- !u!104 &2
RenderSettings:
  m_ObjectHideFlags: 0
  serializedVersion: 9
  m_Fog: 0
  m_FogColor: {r: 0.5, g: 0.5, b: 0.5, a: 1}
  m_FogMode: 3
  m_FogDensity: 0.01
  m_LinearFogStart: 0
  m_LinearFogEnd: 300
  m_AmbientSkyColor: {r: 0.212, g: 0.227, b: 0.259, a: 1}
  m_AmbientEquatorColor: {r: 0.114, g: 0.125, b: 0.133, a: 1}
  m_AmbientGroundColor: {r: 0.047, g: 0.043, b: 0.035, a: 1}
  m_AmbientIntensity: 1
  m_AmbientMode: 0
  m_SubtractiveShadowColor: {r: 0.42, g: 0.478, b: 0.627, a: 1}
  m_SkyboxMaterial: {fileID: 10304, guid: 0000000000000000f000000000000000, type: 0}
  m_HaloStrength: 0.5
  m_FlareStrength: 1
  m_FlareFadeSpeed: 3
  m_HaloTexture: {fileID: 0}
  m_SpotCookie: {fileID: 10001, guid: 0000000000000000e000000000000000, type: 0}
  m_DefaultReflectionMode: 0
  m_DefaultReflectionResolution: 128
  m_ReflectionBounces: 1
  m_ReflectionIntensity: 1
  m_CustomReflection: {fileID: 0}
  m_Sun: {fileID: 0}
  m_IndirectSpecularColor: {r: 0.44657815, g: 0.49641192, b: 0.57481617, a: 1}
  m_UseRadianceAmbientProbe: 0
--- !u!157 &3
LightmapSettings:
  m_ObjectHideFlags: 0
  serializedVersion: 12
  m_GIWorkflowMode: 1
  m_GISettings:
    serializedVersion: 2
    m_BounceScale: 1
    m_IndirectOutputScale: 1
    m_AlbedoBoost: 1
    m_EnvironmentLightingMode: 0
    m_EnableBakedLightmaps: 1
    m_EnableRealtimeLightmaps: 0
  m_LightmapEditorSettings:
    serializedVersion: 12
    m_Resolution: 2
    m_BakeResolution: 40
    m_AtlasSize: 1024
    m_AO: 0
    m_AOMaxDistance: 1
    m_CompAOExponent: 1
    m_CompAOExponentDirect: 0
    m_ExtractAmbientOcclusion: 0
    m_Padding: 2
    m_LightmapParameters: {fileID: 0}
    m_LightmapsBakeMode: 1
    m_TextureCompression: 1
    m_FinalGather: 0
    m_FinalGatherFiltering: 1
    m_FinalGatherRayCount: 256
    m_ReflectionCompression: 2
    m_MixedBakeMode: 2
    m_BakeBackend: 1
    m_PVRSampling: 1
    m_PVRDirectSampleCount: 32
    m_PVRSampleCount: 512
    m_PVRBounces: 2
    m_PVREnvironmentSampleCount: 256
    m_PVREnvironmentReferencePointCount: 2048
    m_PVRFilteringMode: 1
    m_PVRDenoiserTypeDirect: 1
    m_PVRDenoiserTypeIndirect: 1
    m_PVRDenoiserTypeAO: 1
    m_PVRFilterTypeDirect: 0
    m_PVRFilterTypeIndirect: 0
    m_PVRFilterTypeAO: 0
    m_PVREnvironmentMIS: 1
    m_PVRCulling: 1
    m_PVRFilteringGaussRadiusDirect: 1
    m_PVRFilteringGaussRadiusIndirect: 5
    m_PVRFilteringGaussRadiusAO: 2
    m_PVRFilteringAtrousPositionSigmaDirect: 0.5
    m_PVRFilteringAtrousPositionSigmaIndirect: 2
    m_PVRFilteringAtrousPositionSigmaAO: 1
    m_ExportTrainingData: 0
    m_TrainingDataDestination: TrainingData
    m_LightProbeSampleCountMultiplier: 4
  m_LightingDataAsset: {fileID: 112000000, guid: 4166f1b1e526f4659bf53854196a15d2, type: 2}
  m_LightingSettings: {fileID: 0}
--- !u!196 &4
NavMeshSettings:
  serializedVersion: 2
  m_ObjectHideFlags: 0
  m_BuildSettings:
    serializedVersion: 2
    agentTypeID: 0
    agentRadius: 0.5
    agentHeight: 2
    agentSlope: 45
    agentClimb: 0.4
    ledgeDropHeight: 0
    maxJumpAcrossDistance: 0
    minRegionArea: 2
    manualCellSize: 0
    cellSize: 0.16666667
    manualTileSize: 0
    tileSize: 256
    accuratePlacement: 0
    maxJobWorkers: 0
    preserveTilesOutsideBounds: 0
    debug:
      m_Flags: 0
  m_NavMeshData: {fileID: 0}
--- !u!1001 &80397377
PrefabInstance:
  m_ObjectHideFlags: 0
  serializedVersion: 2
  m_Modification:
    m_TransformParent: {fileID: 809033811}
    m_Modifications:
    - target: {fileID: 2858398895851310073, guid: 4131583a257974813966712132864c5a, type: 3}
      propertyPath: m_Name
      value: Image
      objectReference: {fileID: 0}
    - target: {fileID: 2858398895851310073, guid: 4131583a257974813966712132864c5a, type: 3}
      propertyPath: m_IsActive
      value: 0
      objectReference: {fileID: 0}
    - target: {fileID: 2858398895851310074, guid: 4131583a257974813966712132864c5a, type: 3}
      propertyPath: m_Pivot.x
      value: 0.5
      objectReference: {fileID: 0}
    - target: {fileID: 2858398895851310074, guid: 4131583a257974813966712132864c5a, type: 3}
      propertyPath: m_Pivot.y
      value: 0.5
      objectReference: {fileID: 0}
    - target: {fileID: 2858398895851310074, guid: 4131583a257974813966712132864c5a, type: 3}
      propertyPath: m_RootOrder
      value: 6
      objectReference: {fileID: 0}
    - target: {fileID: 2858398895851310074, guid: 4131583a257974813966712132864c5a, type: 3}
      propertyPath: m_AnchorMax.x
      value: 1
      objectReference: {fileID: 0}
    - target: {fileID: 2858398895851310074, guid: 4131583a257974813966712132864c5a, type: 3}
      propertyPath: m_AnchorMax.y
      value: 1
      objectReference: {fileID: 0}
    - target: {fileID: 2858398895851310074, guid: 4131583a257974813966712132864c5a, type: 3}
      propertyPath: m_AnchorMin.x
      value: 0.13685288
      objectReference: {fileID: 0}
    - target: {fileID: 2858398895851310074, guid: 4131583a257974813966712132864c5a, type: 3}
      propertyPath: m_AnchorMin.y
      value: 1
      objectReference: {fileID: 0}
    - target: {fileID: 2858398895851310074, guid: 4131583a257974813966712132864c5a, type: 3}
      propertyPath: m_SizeDelta.x
      value: 2.0279
      objectReference: {fileID: 0}
    - target: {fileID: 2858398895851310074, guid: 4131583a257974813966712132864c5a, type: 3}
      propertyPath: m_SizeDelta.y
      value: 43.537
      objectReference: {fileID: 0}
    - target: {fileID: 2858398895851310074, guid: 4131583a257974813966712132864c5a, type: 3}
      propertyPath: m_LocalPosition.x
      value: 0
      objectReference: {fileID: 0}
    - target: {fileID: 2858398895851310074, guid: 4131583a257974813966712132864c5a, type: 3}
      propertyPath: m_LocalPosition.y
      value: 0
      objectReference: {fileID: 0}
    - target: {fileID: 2858398895851310074, guid: 4131583a257974813966712132864c5a, type: 3}
      propertyPath: m_LocalPosition.z
      value: 0
      objectReference: {fileID: 0}
    - target: {fileID: 2858398895851310074, guid: 4131583a257974813966712132864c5a, type: 3}
      propertyPath: m_LocalRotation.w
      value: 1
      objectReference: {fileID: 0}
    - target: {fileID: 2858398895851310074, guid: 4131583a257974813966712132864c5a, type: 3}
      propertyPath: m_LocalRotation.x
      value: 0
      objectReference: {fileID: 0}
    - target: {fileID: 2858398895851310074, guid: 4131583a257974813966712132864c5a, type: 3}
      propertyPath: m_LocalRotation.y
      value: 0
      objectReference: {fileID: 0}
    - target: {fileID: 2858398895851310074, guid: 4131583a257974813966712132864c5a, type: 3}
      propertyPath: m_LocalRotation.z
      value: 0
      objectReference: {fileID: 0}
    - target: {fileID: 2858398895851310074, guid: 4131583a257974813966712132864c5a, type: 3}
      propertyPath: m_AnchoredPosition.x
      value: -1.0138931
      objectReference: {fileID: 0}
    - target: {fileID: 2858398895851310074, guid: 4131583a257974813966712132864c5a, type: 3}
      propertyPath: m_AnchoredPosition.y
      value: -22.76294
      objectReference: {fileID: 0}
    - target: {fileID: 2858398895851310074, guid: 4131583a257974813966712132864c5a, type: 3}
      propertyPath: m_LocalEulerAnglesHint.x
      value: 0
      objectReference: {fileID: 0}
    - target: {fileID: 2858398895851310074, guid: 4131583a257974813966712132864c5a, type: 3}
      propertyPath: m_LocalEulerAnglesHint.y
      value: 0
      objectReference: {fileID: 0}
    - target: {fileID: 2858398895851310074, guid: 4131583a257974813966712132864c5a, type: 3}
      propertyPath: m_LocalEulerAnglesHint.z
      value: 0
      objectReference: {fileID: 0}
    - target: {fileID: 5575964585237541580, guid: 4131583a257974813966712132864c5a, type: 3}
      propertyPath: m_AnchoredPosition.x
      value: -0.003967285
      objectReference: {fileID: 0}
    m_RemovedComponents: []
  m_SourcePrefab: {fileID: 100100000, guid: 4131583a257974813966712132864c5a, type: 3}
--- !u!1 &265332238
GameObject:
  m_ObjectHideFlags: 0
  m_CorrespondingSourceObject: {fileID: 0}
  m_PrefabInstance: {fileID: 0}
  m_PrefabAsset: {fileID: 0}
  serializedVersion: 6
  m_Component:
  - component: {fileID: 265332240}
  - component: {fileID: 265332239}
  - component: {fileID: 265332241}
  m_Layer: 0
  m_Name: Human Body Tracker
  m_TagString: Untagged
  m_Icon: {fileID: 0}
  m_NavMeshLayer: 0
  m_StaticEditorFlags: 0
  m_IsActive: 0
--- !u!114 &265332239
MonoBehaviour:
  m_ObjectHideFlags: 0
  m_CorrespondingSourceObject: {fileID: 0}
  m_PrefabInstance: {fileID: 0}
  m_PrefabAsset: {fileID: 0}
  m_GameObject: {fileID: 265332238}
  m_Enabled: 1
  m_EditorHideFlags: 0
  m_Script: {fileID: 11500000, guid: cf5ecb2146fc5426f910be243e4df158, type: 3}
  m_Name: 
  m_EditorClassIdentifier: 
  avatarOcc: 0
  loadingScr: {fileID: 1216407436}
  m_HumanBodyManager: {fileID: 646217272}
--- !u!4 &265332240
Transform:
  m_ObjectHideFlags: 0
  m_CorrespondingSourceObject: {fileID: 0}
  m_PrefabInstance: {fileID: 0}
  m_PrefabAsset: {fileID: 0}
  m_GameObject: {fileID: 265332238}
  m_LocalRotation: {x: 0, y: 0, z: 0, w: 1}
  m_LocalPosition: {x: 0, y: 0, z: 0}
  m_LocalScale: {x: 1, y: 1, z: 1}
  m_Children: []
  m_Father: {fileID: 0}
  m_RootOrder: 5
  m_LocalEulerAnglesHint: {x: 0, y: 0, z: 0}
--- !u!114 &265332241
MonoBehaviour:
  m_ObjectHideFlags: 0
  m_CorrespondingSourceObject: {fileID: 0}
  m_PrefabInstance: {fileID: 0}
  m_PrefabAsset: {fileID: 0}
  m_GameObject: {fileID: 265332238}
  m_Enabled: 1
  m_EditorHideFlags: 0
  m_Script: {fileID: 11500000, guid: 520bb47c46cf8624fafb307b7d1b862a, type: 3}
  m_Name: 
  m_EditorClassIdentifier: 
  m_Camera: {fileID: 0}
--- !u!1 &306961411
GameObject:
  m_ObjectHideFlags: 0
  m_CorrespondingSourceObject: {fileID: 0}
  m_PrefabInstance: {fileID: 0}
  m_PrefabAsset: {fileID: 0}
  serializedVersion: 6
  m_Component:
  - component: {fileID: 306961412}
  m_Layer: 0
  m_Name: GameObject
  m_TagString: Untagged
  m_Icon: {fileID: 0}
  m_NavMeshLayer: 0
  m_StaticEditorFlags: 0
  m_IsActive: 1
--- !u!4 &306961412
Transform:
  m_ObjectHideFlags: 0
  m_CorrespondingSourceObject: {fileID: 0}
  m_PrefabInstance: {fileID: 0}
  m_PrefabAsset: {fileID: 0}
  m_GameObject: {fileID: 306961411}
  m_LocalRotation: {x: 0, y: 0, z: 0, w: 1}
  m_LocalPosition: {x: -5, y: 26.339746, z: -12}
  m_LocalScale: {x: 1, y: 1, z: 1}
  m_Children: []
  m_Father: {fileID: 0}
  m_RootOrder: 4
  m_LocalEulerAnglesHint: {x: 0, y: 0, z: 0}
--- !u!1 &443051935
GameObject:
  m_ObjectHideFlags: 0
  m_CorrespondingSourceObject: {fileID: 0}
  m_PrefabInstance: {fileID: 0}
  m_PrefabAsset: {fileID: 0}
  serializedVersion: 6
  m_Component:
  - component: {fileID: 443051936}
  - component: {fileID: 443051938}
  - component: {fileID: 443051937}
  m_Layer: 5
  m_Name: Text (TMP)
  m_TagString: Untagged
  m_Icon: {fileID: 0}
  m_NavMeshLayer: 0
  m_StaticEditorFlags: 0
  m_IsActive: 1
--- !u!224 &443051936
RectTransform:
  m_ObjectHideFlags: 0
  m_CorrespondingSourceObject: {fileID: 0}
  m_PrefabInstance: {fileID: 0}
  m_PrefabAsset: {fileID: 0}
  m_GameObject: {fileID: 443051935}
  m_LocalRotation: {x: 0, y: 0, z: 0, w: 1}
  m_LocalPosition: {x: 0, y: 0, z: 0}
  m_LocalScale: {x: 1, y: 1, z: 1}
  m_Children: []
  m_Father: {fileID: 837624155}
  m_RootOrder: 0
  m_LocalEulerAnglesHint: {x: 0, y: 0, z: 0}
  m_AnchorMin: {x: 0, y: 0}
  m_AnchorMax: {x: 1, y: 1}
  m_AnchoredPosition: {x: 0, y: -0.000015258789}
  m_SizeDelta: {x: 0, y: 0}
  m_Pivot: {x: 0.5, y: 0.5}
--- !u!114 &443051937
MonoBehaviour:
  m_ObjectHideFlags: 0
  m_CorrespondingSourceObject: {fileID: 0}
  m_PrefabInstance: {fileID: 0}
  m_PrefabAsset: {fileID: 0}
  m_GameObject: {fileID: 443051935}
  m_Enabled: 1
  m_EditorHideFlags: 0
  m_Script: {fileID: 11500000, guid: f4688fdb7df04437aeb418b961361dc5, type: 3}
  m_Name: 
  m_EditorClassIdentifier: 
  m_Material: {fileID: 0}
  m_Color: {r: 1, g: 1, b: 1, a: 1}
  m_RaycastTarget: 1
  m_RaycastPadding: {x: 0, y: 0, z: 0, w: 0}
  m_Maskable: 1
  m_OnCullStateChanged:
    m_PersistentCalls:
      m_Calls: []
  m_text: 
  m_isRightToLeft: 0
  m_fontAsset: {fileID: 11400000, guid: 1174dfa298779447fa14e8134b9d43ed, type: 2}
  m_sharedMaterial: {fileID: -5476572049247075351, guid: 1174dfa298779447fa14e8134b9d43ed, type: 2}
  m_fontSharedMaterials: []
  m_fontMaterial: {fileID: 0}
  m_fontMaterials: []
  m_fontColor32:
    serializedVersion: 2
    rgba: 4294967295
  m_fontColor: {r: 1, g: 1, b: 1, a: 1}
  m_enableVertexGradient: 0
  m_colorMode: 3
  m_fontColorGradient:
    topLeft: {r: 1, g: 1, b: 1, a: 1}
    topRight: {r: 1, g: 1, b: 1, a: 1}
    bottomLeft: {r: 1, g: 1, b: 1, a: 1}
    bottomRight: {r: 1, g: 1, b: 1, a: 1}
  m_fontColorGradientPreset: {fileID: 0}
  m_spriteAsset: {fileID: 0}
  m_tintAllSprites: 0
  m_StyleSheet: {fileID: 0}
  m_TextStyleHashCode: -1183493901
  m_overrideHtmlColors: 0
  m_faceColor:
    serializedVersion: 2
    rgba: 4294967295
  m_fontSize: 12
  m_fontSizeBase: 12
  m_fontWeight: 400
  m_enableAutoSizing: 0
  m_fontSizeMin: 0
  m_fontSizeMax: 0
  m_fontStyle: 33
  m_HorizontalAlignment: 2
  m_VerticalAlignment: 512
  m_textAlignment: 65535
  m_characterSpacing: -2
  m_wordSpacing: 0
  m_lineSpacing: 0
  m_lineSpacingMax: 0
  m_paragraphSpacing: 0
  m_charWidthMaxAdj: 0
  m_enableWordWrapping: 0
  m_wordWrappingRatios: 0.4
  m_overflowMode: 0
  m_linkedTextComponent: {fileID: 0}
  parentLinkedComponent: {fileID: 0}
  m_enableKerning: 0
  m_enableExtraPadding: 0
  checkPaddingRequired: 0
  m_isRichText: 1
  m_parseCtrlCharacters: 1
  m_isOrthographic: 1
  m_isCullingEnabled: 0
  m_horizontalMapping: 0
  m_verticalMapping: 0
  m_uvLineOffset: 0
  m_geometrySortingOrder: 0
  m_IsTextObjectScaleStatic: 0
  m_VertexBufferAutoSizeReduction: 0
  m_useMaxVisibleDescender: 1
  m_pageToDisplay: 1
  m_margin: {x: 0, y: 0, z: 0, w: 0}
  m_isUsingLegacyAnimationComponent: 0
  m_isVolumetricText: 0
  m_hasFontAssetChanged: 0
  m_baseMaterial: {fileID: 0}
  m_maskOffset: {x: 0, y: 0, z: 0, w: 0}
--- !u!222 &443051938
CanvasRenderer:
  m_ObjectHideFlags: 0
  m_CorrespondingSourceObject: {fileID: 0}
  m_PrefabInstance: {fileID: 0}
  m_PrefabAsset: {fileID: 0}
  m_GameObject: {fileID: 443051935}
  m_CullTransparentMesh: 1
--- !u!1001 &626478912
PrefabInstance:
  m_ObjectHideFlags: 0
  serializedVersion: 2
  m_Modification:
    m_TransformParent: {fileID: 0}
    m_Modifications:
    - target: {fileID: 8731938645855788056, guid: 291bebc1e4e664798a97da4b256e3865, type: 3}
      propertyPath: avatarOcc
      value: 1
      objectReference: {fileID: 0}
    - target: {fileID: 8731938645855788056, guid: 291bebc1e4e664798a97da4b256e3865, type: 3}
      propertyPath: loadingScr
      value: 
      objectReference: {fileID: 1216407436}
    - target: {fileID: 8731938645855788056, guid: 291bebc1e4e664798a97da4b256e3865, type: 3}
      propertyPath: sizeDropdown
      value: 
      objectReference: {fileID: 0}
    - target: {fileID: 8731938645855788056, guid: 291bebc1e4e664798a97da4b256e3865, type: 3}
      propertyPath: m_SkeletonPrefab
      value: 
      objectReference: {fileID: 926961692879142749, guid: 48bcd417a274c40a5871daade14d9aa3, type: 3}
    - target: {fileID: 8731938645855788056, guid: 291bebc1e4e664798a97da4b256e3865, type: 3}
      propertyPath: m_HumanBodyManager
      value: 
      objectReference: {fileID: 646217272}
    - target: {fileID: 8731938645855788057, guid: 291bebc1e4e664798a97da4b256e3865, type: 3}
      propertyPath: m_Pivot.x
      value: 0.5
      objectReference: {fileID: 0}
    - target: {fileID: 8731938645855788057, guid: 291bebc1e4e664798a97da4b256e3865, type: 3}
      propertyPath: m_Pivot.y
      value: 0.5
      objectReference: {fileID: 0}
    - target: {fileID: 8731938645855788057, guid: 291bebc1e4e664798a97da4b256e3865, type: 3}
      propertyPath: m_RootOrder
      value: 8
      objectReference: {fileID: 0}
    - target: {fileID: 8731938645855788057, guid: 291bebc1e4e664798a97da4b256e3865, type: 3}
      propertyPath: m_AnchorMax.x
      value: 0.5
      objectReference: {fileID: 0}
    - target: {fileID: 8731938645855788057, guid: 291bebc1e4e664798a97da4b256e3865, type: 3}
      propertyPath: m_AnchorMax.y
      value: 0.5
      objectReference: {fileID: 0}
    - target: {fileID: 8731938645855788057, guid: 291bebc1e4e664798a97da4b256e3865, type: 3}
      propertyPath: m_AnchorMin.x
      value: 0.5
      objectReference: {fileID: 0}
    - target: {fileID: 8731938645855788057, guid: 291bebc1e4e664798a97da4b256e3865, type: 3}
      propertyPath: m_AnchorMin.y
      value: 0.5
      objectReference: {fileID: 0}
    - target: {fileID: 8731938645855788057, guid: 291bebc1e4e664798a97da4b256e3865, type: 3}
      propertyPath: m_SizeDelta.x
      value: 100
      objectReference: {fileID: 0}
    - target: {fileID: 8731938645855788057, guid: 291bebc1e4e664798a97da4b256e3865, type: 3}
      propertyPath: m_SizeDelta.y
      value: 100
      objectReference: {fileID: 0}
    - target: {fileID: 8731938645855788057, guid: 291bebc1e4e664798a97da4b256e3865, type: 3}
      propertyPath: m_LocalPosition.x
      value: 0
      objectReference: {fileID: 0}
    - target: {fileID: 8731938645855788057, guid: 291bebc1e4e664798a97da4b256e3865, type: 3}
      propertyPath: m_LocalPosition.y
      value: 0
      objectReference: {fileID: 0}
    - target: {fileID: 8731938645855788057, guid: 291bebc1e4e664798a97da4b256e3865, type: 3}
      propertyPath: m_LocalPosition.z
      value: -0.01633133
      objectReference: {fileID: 0}
    - target: {fileID: 8731938645855788057, guid: 291bebc1e4e664798a97da4b256e3865, type: 3}
      propertyPath: m_LocalRotation.w
      value: 1
      objectReference: {fileID: 0}
    - target: {fileID: 8731938645855788057, guid: 291bebc1e4e664798a97da4b256e3865, type: 3}
      propertyPath: m_LocalRotation.x
      value: 0
      objectReference: {fileID: 0}
    - target: {fileID: 8731938645855788057, guid: 291bebc1e4e664798a97da4b256e3865, type: 3}
      propertyPath: m_LocalRotation.y
      value: 0
      objectReference: {fileID: 0}
    - target: {fileID: 8731938645855788057, guid: 291bebc1e4e664798a97da4b256e3865, type: 3}
      propertyPath: m_LocalRotation.z
      value: 0
      objectReference: {fileID: 0}
    - target: {fileID: 8731938645855788057, guid: 291bebc1e4e664798a97da4b256e3865, type: 3}
      propertyPath: m_AnchoredPosition.x
      value: -0.0064305365
      objectReference: {fileID: 0}
    - target: {fileID: 8731938645855788057, guid: 291bebc1e4e664798a97da4b256e3865, type: 3}
      propertyPath: m_AnchoredPosition.y
      value: 0.33296874
      objectReference: {fileID: 0}
    - target: {fileID: 8731938645855788057, guid: 291bebc1e4e664798a97da4b256e3865, type: 3}
      propertyPath: m_LocalEulerAnglesHint.x
      value: 0
      objectReference: {fileID: 0}
    - target: {fileID: 8731938645855788057, guid: 291bebc1e4e664798a97da4b256e3865, type: 3}
      propertyPath: m_LocalEulerAnglesHint.y
      value: 0
      objectReference: {fileID: 0}
    - target: {fileID: 8731938645855788057, guid: 291bebc1e4e664798a97da4b256e3865, type: 3}
      propertyPath: m_LocalEulerAnglesHint.z
      value: 0
      objectReference: {fileID: 0}
    - target: {fileID: 8731938645855788059, guid: 291bebc1e4e664798a97da4b256e3865, type: 3}
      propertyPath: m_Name
      value: Human Body Tracker Avatar
      objectReference: {fileID: 0}
    - target: {fileID: 8731938645855788059, guid: 291bebc1e4e664798a97da4b256e3865, type: 3}
      propertyPath: m_IsActive
      value: 0
      objectReference: {fileID: 0}
    m_RemovedComponents: []
  m_SourcePrefab: {fileID: 100100000, guid: 291bebc1e4e664798a97da4b256e3865, type: 3}
--- !u!1 &646217269
GameObject:
  m_ObjectHideFlags: 0
  m_CorrespondingSourceObject: {fileID: 0}
  m_PrefabInstance: {fileID: 0}
  m_PrefabAsset: {fileID: 0}
  serializedVersion: 6
  m_Component:
  - component: {fileID: 646217271}
  - component: {fileID: 646217270}
  - component: {fileID: 646217272}
  m_Layer: 0
  m_Name: AR Session Origin
  m_TagString: Untagged
  m_Icon: {fileID: 0}
  m_NavMeshLayer: 0
  m_StaticEditorFlags: 0
  m_IsActive: 1
--- !u!114 &646217270
MonoBehaviour:
  m_ObjectHideFlags: 0
  m_CorrespondingSourceObject: {fileID: 0}
  m_PrefabInstance: {fileID: 0}
  m_PrefabAsset: {fileID: 0}
  m_GameObject: {fileID: 646217269}
  m_Enabled: 1
  m_EditorHideFlags: 0
  m_Script: {fileID: 11500000, guid: 520bb47c46cf8624fafb307b7d1b862a, type: 3}
  m_Name: 
  m_EditorClassIdentifier: 
  m_Camera: {fileID: 2109879921}
--- !u!4 &646217271
Transform:
  m_ObjectHideFlags: 0
  m_CorrespondingSourceObject: {fileID: 0}
  m_PrefabInstance: {fileID: 0}
  m_PrefabAsset: {fileID: 0}
  m_GameObject: {fileID: 646217269}
  m_LocalRotation: {x: 0, y: 0, z: 0, w: 1}
  m_LocalPosition: {x: 0, y: 0, z: 0}
  m_LocalScale: {x: 1, y: 1, z: 1}
  m_Children:
  - {fileID: 2109879925}
  m_Father: {fileID: 0}
  m_RootOrder: 1
  m_LocalEulerAnglesHint: {x: 0, y: 0, z: 0}
--- !u!114 &646217272
MonoBehaviour:
  m_ObjectHideFlags: 0
  m_CorrespondingSourceObject: {fileID: 0}
  m_PrefabInstance: {fileID: 0}
  m_PrefabAsset: {fileID: 0}
  m_GameObject: {fileID: 646217269}
  m_Enabled: 1
  m_EditorHideFlags: 0
  m_Script: {fileID: 11500000, guid: 9e5861fe4d817477986290fde61dbc8c, type: 3}
  m_Name: 
  m_EditorClassIdentifier: 
  m_Pose2D: 0
  m_Pose3D: 1
  m_Pose3DScaleEstimation: 0
  m_HumanBodyPrefab: {fileID: 0}
--- !u!1001 &744939989
PrefabInstance:
  m_ObjectHideFlags: 0
  serializedVersion: 2
  m_Modification:
    m_TransformParent: {fileID: 8608206774397997708}
    m_Modifications:
    - target: {fileID: 8698625351691269738, guid: c08c5c669a776427e830c4c28188c246, type: 3}
      propertyPath: m_Pivot.x
      value: 0.5
      objectReference: {fileID: 0}
    - target: {fileID: 8698625351691269738, guid: c08c5c669a776427e830c4c28188c246, type: 3}
      propertyPath: m_Pivot.y
      value: 0.5
      objectReference: {fileID: 0}
    - target: {fileID: 8698625351691269738, guid: c08c5c669a776427e830c4c28188c246, type: 3}
      propertyPath: m_RootOrder
      value: 3
      objectReference: {fileID: 0}
    - target: {fileID: 8698625351691269738, guid: c08c5c669a776427e830c4c28188c246, type: 3}
      propertyPath: m_AnchorMax.x
      value: 1
      objectReference: {fileID: 0}
    - target: {fileID: 8698625351691269738, guid: c08c5c669a776427e830c4c28188c246, type: 3}
      propertyPath: m_AnchorMax.y
      value: 1
      objectReference: {fileID: 0}
    - target: {fileID: 8698625351691269738, guid: c08c5c669a776427e830c4c28188c246, type: 3}
      propertyPath: m_AnchorMin.x
      value: 0.17970203
      objectReference: {fileID: 0}
    - target: {fileID: 8698625351691269738, guid: c08c5c669a776427e830c4c28188c246, type: 3}
      propertyPath: m_AnchorMin.y
      value: 1
      objectReference: {fileID: 0}
    - target: {fileID: 8698625351691269738, guid: c08c5c669a776427e830c4c28188c246, type: 3}
      propertyPath: m_SizeDelta.x
      value: -228.59999
      objectReference: {fileID: 0}
    - target: {fileID: 8698625351691269738, guid: c08c5c669a776427e830c4c28188c246, type: 3}
      propertyPath: m_SizeDelta.y
      value: 32.165
      objectReference: {fileID: 0}
    - target: {fileID: 8698625351691269738, guid: c08c5c669a776427e830c4c28188c246, type: 3}
      propertyPath: m_LocalPosition.x
      value: 0
      objectReference: {fileID: 0}
    - target: {fileID: 8698625351691269738, guid: c08c5c669a776427e830c4c28188c246, type: 3}
      propertyPath: m_LocalPosition.y
      value: 0
      objectReference: {fileID: 0}
    - target: {fileID: 8698625351691269738, guid: c08c5c669a776427e830c4c28188c246, type: 3}
      propertyPath: m_LocalPosition.z
      value: 0
      objectReference: {fileID: 0}
    - target: {fileID: 8698625351691269738, guid: c08c5c669a776427e830c4c28188c246, type: 3}
      propertyPath: m_LocalRotation.w
      value: -1
      objectReference: {fileID: 0}
    - target: {fileID: 8698625351691269738, guid: c08c5c669a776427e830c4c28188c246, type: 3}
      propertyPath: m_LocalRotation.x
      value: -0
      objectReference: {fileID: 0}
    - target: {fileID: 8698625351691269738, guid: c08c5c669a776427e830c4c28188c246, type: 3}
      propertyPath: m_LocalRotation.y
      value: -0
      objectReference: {fileID: 0}
    - target: {fileID: 8698625351691269738, guid: c08c5c669a776427e830c4c28188c246, type: 3}
      propertyPath: m_LocalRotation.z
      value: 0.00022083615
      objectReference: {fileID: 0}
    - target: {fileID: 8698625351691269738, guid: c08c5c669a776427e830c4c28188c246, type: 3}
      propertyPath: m_AnchoredPosition.x
      value: -12.579987
      objectReference: {fileID: 0}
    - target: {fileID: 8698625351691269738, guid: c08c5c669a776427e830c4c28188c246, type: 3}
      propertyPath: m_AnchoredPosition.y
      value: -103.86
      objectReference: {fileID: 0}
    - target: {fileID: 8698625351691269738, guid: c08c5c669a776427e830c4c28188c246, type: 3}
      propertyPath: m_LocalEulerAnglesHint.x
      value: 0
      objectReference: {fileID: 0}
    - target: {fileID: 8698625351691269738, guid: c08c5c669a776427e830c4c28188c246, type: 3}
      propertyPath: m_LocalEulerAnglesHint.y
      value: 0
      objectReference: {fileID: 0}
    - target: {fileID: 8698625351691269738, guid: c08c5c669a776427e830c4c28188c246, type: 3}
      propertyPath: m_LocalEulerAnglesHint.z
      value: -0.025
      objectReference: {fileID: 0}
    - target: {fileID: 8698625351691269739, guid: c08c5c669a776427e830c4c28188c246, type: 3}
      propertyPath: m_Name
      value: Title3D Col(2)
      objectReference: {fileID: 0}
    - target: {fileID: 8698625351691269739, guid: c08c5c669a776427e830c4c28188c246, type: 3}
      propertyPath: m_IsActive
      value: 0
      objectReference: {fileID: 0}
    - target: {fileID: 8698625351691269741, guid: c08c5c669a776427e830c4c28188c246, type: 3}
      propertyPath: m_HorizontalAlignment
      value: 4
      objectReference: {fileID: 0}
    m_RemovedComponents: []
  m_SourcePrefab: {fileID: 100100000, guid: c08c5c669a776427e830c4c28188c246, type: 3}
--- !u!114 &744939990 stripped
MonoBehaviour:
  m_CorrespondingSourceObject: {fileID: 8698625351691269741, guid: c08c5c669a776427e830c4c28188c246, type: 3}
  m_PrefabInstance: {fileID: 744939989}
  m_PrefabAsset: {fileID: 0}
  m_GameObject: {fileID: 0}
  m_Enabled: 1
  m_EditorHideFlags: 0
  m_Script: {fileID: 11500000, guid: f4688fdb7df04437aeb418b961361dc5, type: 3}
  m_Name: 
  m_EditorClassIdentifier: 
--- !u!1001 &809033810
PrefabInstance:
  m_ObjectHideFlags: 0
  serializedVersion: 2
  m_Modification:
    m_TransformParent: {fileID: 0}
    m_Modifications:
    - target: {fileID: 782610949216229447, guid: 688a05a2660304c27baa623c47a69849, type: 3}
      propertyPath: m_text
      value: Reset
      objectReference: {fileID: 0}
    - target: {fileID: 782610949216229447, guid: 688a05a2660304c27baa623c47a69849, type: 3}
      propertyPath: m_fontAsset
      value: 
      objectReference: {fileID: 11400000, guid: 8f586378b4e144a9851e7b34d9b748ee, type: 2}
    - target: {fileID: 782610949216229447, guid: 688a05a2660304c27baa623c47a69849, type: 3}
      propertyPath: m_sharedMaterial
      value: 
      objectReference: {fileID: 2180264, guid: 8f586378b4e144a9851e7b34d9b748ee, type: 2}
    - target: {fileID: 782610949311071173, guid: 688a05a2660304c27baa623c47a69849, type: 3}
      propertyPath: m_fontAsset
      value: 
      objectReference: {fileID: 11400000, guid: 8f586378b4e144a9851e7b34d9b748ee, type: 2}
    - target: {fileID: 782610949311071173, guid: 688a05a2660304c27baa623c47a69849, type: 3}
      propertyPath: m_sharedMaterial
      value: 
      objectReference: {fileID: 2180264, guid: 8f586378b4e144a9851e7b34d9b748ee, type: 2}
    - target: {fileID: 782610949942003000, guid: 688a05a2660304c27baa623c47a69849, type: 3}
      propertyPath: m_AnchoredPosition.y
      value: -0.000015258789
      objectReference: {fileID: 0}
    - target: {fileID: 782610949942003003, guid: 688a05a2660304c27baa623c47a69849, type: 3}
      propertyPath: m_text
      value: 
      objectReference: {fileID: 0}
    - target: {fileID: 782610949942003003, guid: 688a05a2660304c27baa623c47a69849, type: 3}
      propertyPath: m_fontAsset
      value: 
      objectReference: {fileID: 11400000, guid: 1174dfa298779447fa14e8134b9d43ed, type: 2}
    - target: {fileID: 782610949942003003, guid: 688a05a2660304c27baa623c47a69849, type: 3}
      propertyPath: m_fontColor.r
      value: 1
      objectReference: {fileID: 0}
    - target: {fileID: 782610949942003003, guid: 688a05a2660304c27baa623c47a69849, type: 3}
      propertyPath: m_sharedMaterial
      value: 
      objectReference: {fileID: -5476572049247075351, guid: 1174dfa298779447fa14e8134b9d43ed, type: 2}
    - target: {fileID: 782610949990194458, guid: 688a05a2660304c27baa623c47a69849, type: 3}
      propertyPath: m_IsActive
      value: 0
      objectReference: {fileID: 0}
    - target: {fileID: 782610950717835186, guid: 688a05a2660304c27baa623c47a69849, type: 3}
      propertyPath: m_IsActive
      value: 0
      objectReference: {fileID: 0}
    - target: {fileID: 782610950717835196, guid: 688a05a2660304c27baa623c47a69849, type: 3}
      propertyPath: m_OnClick.m_PersistentCalls.m_Calls.Array.data[0].m_Target
      value: 
      objectReference: {fileID: 1880367238}
    - target: {fileID: 782610950717835196, guid: 688a05a2660304c27baa623c47a69849, type: 3}
      propertyPath: m_OnClick.m_PersistentCalls.m_Calls.Array.data[0].m_MethodName
      value: ResetTracking
      objectReference: {fileID: 0}
    - target: {fileID: 782610950754504594, guid: 688a05a2660304c27baa623c47a69849, type: 3}
      propertyPath: m_Pivot.y
      value: 0.4999982
      objectReference: {fileID: 0}
    - target: {fileID: 782610950754504594, guid: 688a05a2660304c27baa623c47a69849, type: 3}
      propertyPath: m_AnchorMax.x
      value: 1
      objectReference: {fileID: 0}
    - target: {fileID: 782610950754504594, guid: 688a05a2660304c27baa623c47a69849, type: 3}
      propertyPath: m_AnchorMax.y
      value: 1
      objectReference: {fileID: 0}
    - target: {fileID: 782610950754504594, guid: 688a05a2660304c27baa623c47a69849, type: 3}
      propertyPath: m_AnchorMin.y
      value: 1
      objectReference: {fileID: 0}
    - target: {fileID: 782610950754504594, guid: 688a05a2660304c27baa623c47a69849, type: 3}
      propertyPath: m_SizeDelta.x
      value: -304.58
      objectReference: {fileID: 0}
    - target: {fileID: 782610950754504594, guid: 688a05a2660304c27baa623c47a69849, type: 3}
      propertyPath: m_SizeDelta.y
      value: 50.498
      objectReference: {fileID: 0}
    - target: {fileID: 782610950754504594, guid: 688a05a2660304c27baa623c47a69849, type: 3}
      propertyPath: m_AnchoredPosition.x
      value: -151.26001
      objectReference: {fileID: 0}
    - target: {fileID: 782610950754504594, guid: 688a05a2660304c27baa623c47a69849, type: 3}
      propertyPath: m_AnchoredPosition.y
      value: -25.749023
      objectReference: {fileID: 0}
    - target: {fileID: 782610950754504595, guid: 688a05a2660304c27baa623c47a69849, type: 3}
      propertyPath: m_Name
      value: ReturnBut
      objectReference: {fileID: 0}
    - target: {fileID: 782610950754504595, guid: 688a05a2660304c27baa623c47a69849, type: 3}
      propertyPath: m_IsActive
      value: 0
      objectReference: {fileID: 0}
    - target: {fileID: 782610950754504604, guid: 688a05a2660304c27baa623c47a69849, type: 3}
      propertyPath: m_Type
      value: 0
      objectReference: {fileID: 0}
    - target: {fileID: 782610950754504604, guid: 688a05a2660304c27baa623c47a69849, type: 3}
      propertyPath: m_Sprite
      value: 
      objectReference: {fileID: 21300000, guid: a6aee8427cd044ea7b99c515499afa85, type: 3}
    - target: {fileID: 782610950754504604, guid: 688a05a2660304c27baa623c47a69849, type: 3}
      propertyPath: m_Color.b
      value: 1
      objectReference: {fileID: 0}
    - target: {fileID: 782610950754504604, guid: 688a05a2660304c27baa623c47a69849, type: 3}
      propertyPath: m_Color.g
      value: 1
      objectReference: {fileID: 0}
    - target: {fileID: 782610950754504604, guid: 688a05a2660304c27baa623c47a69849, type: 3}
      propertyPath: m_Color.r
      value: 1
      objectReference: {fileID: 0}
    - target: {fileID: 782610950754504605, guid: 688a05a2660304c27baa623c47a69849, type: 3}
      propertyPath: m_Colors.m_NormalColor.a
      value: 0.5882353
      objectReference: {fileID: 0}
    - target: {fileID: 782610950754504605, guid: 688a05a2660304c27baa623c47a69849, type: 3}
      propertyPath: m_Colors.m_NormalColor.b
      value: 0.94509804
      objectReference: {fileID: 0}
    - target: {fileID: 782610950754504605, guid: 688a05a2660304c27baa623c47a69849, type: 3}
      propertyPath: m_Colors.m_NormalColor.g
      value: 0.9411765
      objectReference: {fileID: 0}
    - target: {fileID: 782610950754504605, guid: 688a05a2660304c27baa623c47a69849, type: 3}
      propertyPath: m_Colors.m_NormalColor.r
      value: 0.9254902
      objectReference: {fileID: 0}
    - target: {fileID: 782610950754504605, guid: 688a05a2660304c27baa623c47a69849, type: 3}
      propertyPath: m_OnClick.m_PersistentCalls.m_Calls.Array.data[0].m_Target
      value: 
      objectReference: {fileID: 1880367238}
    - target: {fileID: 782610950754504605, guid: 688a05a2660304c27baa623c47a69849, type: 3}
      propertyPath: m_OnClick.m_PersistentCalls.m_Calls.Array.data[0].m_MethodName
      value: ReturnToProduct
      objectReference: {fileID: 0}
    - target: {fileID: 782610950790949704, guid: 688a05a2660304c27baa623c47a69849, type: 3}
      propertyPath: m_OnClick.m_PersistentCalls.m_Calls.Array.size
      value: 0
      objectReference: {fileID: 0}
    - target: {fileID: 782610950790949704, guid: 688a05a2660304c27baa623c47a69849, type: 3}
      propertyPath: m_OnClick.m_PersistentCalls.m_Calls.Array.data[0].m_Mode
      value: 5
      objectReference: {fileID: 0}
    - target: {fileID: 782610950790949704, guid: 688a05a2660304c27baa623c47a69849, type: 3}
      propertyPath: m_OnClick.m_PersistentCalls.m_Calls.Array.data[0].m_Target
      value: 
      objectReference: {fileID: 4503127877364090811, guid: b7aadf2ab19c9e34da814ede8099a2f6, type: 3}
    - target: {fileID: 782610950790949704, guid: 688a05a2660304c27baa623c47a69849, type: 3}
      propertyPath: m_OnClick.m_PersistentCalls.m_Calls.Array.data[0].m_MethodName
      value: ChangeScene
      objectReference: {fileID: 0}
    - target: {fileID: 782610950790949704, guid: 688a05a2660304c27baa623c47a69849, type: 3}
      propertyPath: m_OnClick.m_PersistentCalls.m_Calls.Array.data[0].m_TargetAssemblyTypeName
      value: SceneChanger, Assembly-CSharp
      objectReference: {fileID: 0}
    - target: {fileID: 782610950790949710, guid: 688a05a2660304c27baa623c47a69849, type: 3}
      propertyPath: m_IsActive
      value: 0
      objectReference: {fileID: 0}
    - target: {fileID: 782610950873527205, guid: 688a05a2660304c27baa623c47a69849, type: 3}
      propertyPath: m_fontAsset
      value: 
      objectReference: {fileID: 11400000, guid: 8f586378b4e144a9851e7b34d9b748ee, type: 2}
    - target: {fileID: 782610950873527205, guid: 688a05a2660304c27baa623c47a69849, type: 3}
      propertyPath: m_sharedMaterial
      value: 
      objectReference: {fileID: 2180264, guid: 8f586378b4e144a9851e7b34d9b748ee, type: 2}
    - target: {fileID: 782610951158017065, guid: 688a05a2660304c27baa623c47a69849, type: 3}
      propertyPath: m_Name
      value: Debugging
      objectReference: {fileID: 0}
    - target: {fileID: 782610951158017066, guid: 688a05a2660304c27baa623c47a69849, type: 3}
      propertyPath: m_AdditionalShaderChannelsFlag
      value: 25
      objectReference: {fileID: 0}
    - target: {fileID: 782610951158017109, guid: 688a05a2660304c27baa623c47a69849, type: 3}
      propertyPath: m_Pivot.x
      value: 0
      objectReference: {fileID: 0}
    - target: {fileID: 782610951158017109, guid: 688a05a2660304c27baa623c47a69849, type: 3}
      propertyPath: m_Pivot.y
      value: 0
      objectReference: {fileID: 0}
    - target: {fileID: 782610951158017109, guid: 688a05a2660304c27baa623c47a69849, type: 3}
      propertyPath: m_RootOrder
      value: 6
      objectReference: {fileID: 0}
    - target: {fileID: 782610951158017109, guid: 688a05a2660304c27baa623c47a69849, type: 3}
      propertyPath: m_AnchorMax.x
      value: 0
      objectReference: {fileID: 0}
    - target: {fileID: 782610951158017109, guid: 688a05a2660304c27baa623c47a69849, type: 3}
      propertyPath: m_AnchorMax.y
      value: 0
      objectReference: {fileID: 0}
    - target: {fileID: 782610951158017109, guid: 688a05a2660304c27baa623c47a69849, type: 3}
      propertyPath: m_AnchorMin.x
      value: 0
      objectReference: {fileID: 0}
    - target: {fileID: 782610951158017109, guid: 688a05a2660304c27baa623c47a69849, type: 3}
      propertyPath: m_AnchorMin.y
      value: 0
      objectReference: {fileID: 0}
    - target: {fileID: 782610951158017109, guid: 688a05a2660304c27baa623c47a69849, type: 3}
      propertyPath: m_SizeDelta.x
      value: 0
      objectReference: {fileID: 0}
    - target: {fileID: 782610951158017109, guid: 688a05a2660304c27baa623c47a69849, type: 3}
      propertyPath: m_SizeDelta.y
      value: 0
      objectReference: {fileID: 0}
    - target: {fileID: 782610951158017109, guid: 688a05a2660304c27baa623c47a69849, type: 3}
      propertyPath: m_LocalPosition.x
      value: 0
      objectReference: {fileID: 0}
    - target: {fileID: 782610951158017109, guid: 688a05a2660304c27baa623c47a69849, type: 3}
      propertyPath: m_LocalPosition.y
      value: 0
      objectReference: {fileID: 0}
    - target: {fileID: 782610951158017109, guid: 688a05a2660304c27baa623c47a69849, type: 3}
      propertyPath: m_LocalPosition.z
      value: 0
      objectReference: {fileID: 0}
    - target: {fileID: 782610951158017109, guid: 688a05a2660304c27baa623c47a69849, type: 3}
      propertyPath: m_LocalRotation.w
      value: 1
      objectReference: {fileID: 0}
    - target: {fileID: 782610951158017109, guid: 688a05a2660304c27baa623c47a69849, type: 3}
      propertyPath: m_LocalRotation.x
      value: 0
      objectReference: {fileID: 0}
    - target: {fileID: 782610951158017109, guid: 688a05a2660304c27baa623c47a69849, type: 3}
      propertyPath: m_LocalRotation.y
      value: 0
      objectReference: {fileID: 0}
    - target: {fileID: 782610951158017109, guid: 688a05a2660304c27baa623c47a69849, type: 3}
      propertyPath: m_LocalRotation.z
      value: 0
      objectReference: {fileID: 0}
    - target: {fileID: 782610951158017109, guid: 688a05a2660304c27baa623c47a69849, type: 3}
      propertyPath: m_AnchoredPosition.x
      value: 0
      objectReference: {fileID: 0}
    - target: {fileID: 782610951158017109, guid: 688a05a2660304c27baa623c47a69849, type: 3}
      propertyPath: m_AnchoredPosition.y
      value: 0
      objectReference: {fileID: 0}
    - target: {fileID: 782610951158017109, guid: 688a05a2660304c27baa623c47a69849, type: 3}
      propertyPath: m_LocalEulerAnglesHint.x
      value: 0
      objectReference: {fileID: 0}
    - target: {fileID: 782610951158017109, guid: 688a05a2660304c27baa623c47a69849, type: 3}
      propertyPath: m_LocalEulerAnglesHint.y
      value: 0
      objectReference: {fileID: 0}
    - target: {fileID: 782610951158017109, guid: 688a05a2660304c27baa623c47a69849, type: 3}
      propertyPath: m_LocalEulerAnglesHint.z
      value: 0
      objectReference: {fileID: 0}
    m_RemovedComponents: []
  m_SourcePrefab: {fileID: 100100000, guid: 688a05a2660304c27baa623c47a69849, type: 3}
--- !u!224 &809033811 stripped
RectTransform:
  m_CorrespondingSourceObject: {fileID: 782610951158017109, guid: 688a05a2660304c27baa623c47a69849, type: 3}
  m_PrefabInstance: {fileID: 809033810}
  m_PrefabAsset: {fileID: 0}
--- !u!1 &837624154
GameObject:
  m_ObjectHideFlags: 0
  m_CorrespondingSourceObject: {fileID: 0}
  m_PrefabInstance: {fileID: 0}
  m_PrefabAsset: {fileID: 0}
  serializedVersion: 6
  m_Component:
  - component: {fileID: 837624155}
  - component: {fileID: 837624158}
  - component: {fileID: 837624157}
  - component: {fileID: 837624156}
  m_Layer: 5
  m_Name: ReturnBut (2)
  m_TagString: Untagged
  m_Icon: {fileID: 0}
  m_NavMeshLayer: 0
  m_StaticEditorFlags: 0
  m_IsActive: 1
--- !u!224 &837624155
RectTransform:
  m_ObjectHideFlags: 0
  m_CorrespondingSourceObject: {fileID: 0}
  m_PrefabInstance: {fileID: 0}
  m_PrefabAsset: {fileID: 0}
  m_GameObject: {fileID: 837624154}
  m_LocalRotation: {x: -0, y: -0, z: -0, w: 1}
  m_LocalPosition: {x: 0, y: 0, z: 0}
  m_LocalScale: {x: 1, y: 1, z: 1}
  m_Children:
  - {fileID: 443051936}
  m_Father: {fileID: 8608206774397997708}
  m_RootOrder: 5
  m_LocalEulerAnglesHint: {x: 0, y: 0, z: 0}
  m_AnchorMin: {x: 0, y: 1}
  m_AnchorMax: {x: 0.13970202, y: 1}
  m_AnchoredPosition: {x: 302.73, y: -59.25698}
  m_SizeDelta: {x: 0.038999557, y: 32.214}
  m_Pivot: {x: 0.5, y: 0.5000005}
--- !u!114 &837624156
MonoBehaviour:
  m_ObjectHideFlags: 0
  m_CorrespondingSourceObject: {fileID: 0}
  m_PrefabInstance: {fileID: 0}
  m_PrefabAsset: {fileID: 0}
  m_GameObject: {fileID: 837624154}
  m_Enabled: 1
  m_EditorHideFlags: 0
  m_Script: {fileID: 11500000, guid: 4e29b1a8efbd4b44bb3f3716e73f07ff, type: 3}
  m_Name: 
  m_EditorClassIdentifier: 
  m_Navigation:
    m_Mode: 3
    m_WrapAround: 0
    m_SelectOnUp: {fileID: 0}
    m_SelectOnDown: {fileID: 0}
    m_SelectOnLeft: {fileID: 0}
    m_SelectOnRight: {fileID: 0}
  m_Transition: 1
  m_Colors:
    m_NormalColor: {r: 0.9254902, g: 0.9411765, b: 0.94509804, a: 0.5882353}
    m_HighlightedColor: {r: 0.99215686, g: 0.58431375, b: 0.35686275, a: 1}
    m_PressedColor: {r: 0.99215686, g: 0.58431375, b: 0.35686275, a: 1}
    m_SelectedColor: {r: 0.9803922, g: 0.44705886, b: 0.41176474, a: 1}
    m_DisabledColor: {r: 0.78431374, g: 0.78431374, b: 0.78431374, a: 0.5019608}
    m_ColorMultiplier: 5
    m_FadeDuration: 0.2
  m_SpriteState:
    m_HighlightedSprite: {fileID: 0}
    m_PressedSprite: {fileID: 0}
    m_SelectedSprite: {fileID: 0}
    m_DisabledSprite: {fileID: 0}
  m_AnimationTriggers:
    m_NormalTrigger: Normal
    m_HighlightedTrigger: Highlighted
    m_PressedTrigger: Pressed
    m_SelectedTrigger: Selected
    m_DisabledTrigger: Disabled
  m_Interactable: 1
  m_TargetGraphic: {fileID: 837624157}
  m_OnClick:
    m_PersistentCalls:
      m_Calls:
      - m_Target: {fileID: 1880367238}
        m_TargetAssemblyTypeName: ETryOn.UIController, Assembly-CSharp
        m_MethodName: ResetScene
        m_Mode: 1
        m_Arguments:
          m_ObjectArgument: {fileID: 0}
          m_ObjectArgumentAssemblyTypeName: UnityEngine.Object, UnityEngine
          m_IntArgument: 0
          m_FloatArgument: 0
          m_StringArgument: 
          m_BoolArgument: 0
        m_CallState: 2
--- !u!114 &837624157
MonoBehaviour:
  m_ObjectHideFlags: 0
  m_CorrespondingSourceObject: {fileID: 0}
  m_PrefabInstance: {fileID: 0}
  m_PrefabAsset: {fileID: 0}
  m_GameObject: {fileID: 837624154}
  m_Enabled: 1
  m_EditorHideFlags: 0
  m_Script: {fileID: 11500000, guid: fe87c0e1cc204ed48ad3b37840f39efc, type: 3}
  m_Name: 
  m_EditorClassIdentifier: 
  m_Material: {fileID: 0}
  m_Color: {r: 1, g: 1, b: 1, a: 1}
  m_RaycastTarget: 1
  m_RaycastPadding: {x: 0, y: 0, z: 0, w: 0}
  m_Maskable: 1
  m_OnCullStateChanged:
    m_PersistentCalls:
      m_Calls: []
  m_Sprite: {fileID: 21300000, guid: 17eaf2ef254274a829c96bc0493e9e85, type: 3}
  m_Type: 0
  m_PreserveAspect: 1
  m_FillCenter: 1
  m_FillMethod: 4
  m_FillAmount: 1
  m_FillClockwise: 1
  m_FillOrigin: 0
  m_UseSpriteMesh: 0
  m_PixelsPerUnitMultiplier: 1
--- !u!222 &837624158
CanvasRenderer:
  m_ObjectHideFlags: 0
  m_CorrespondingSourceObject: {fileID: 0}
  m_PrefabInstance: {fileID: 0}
  m_PrefabAsset: {fileID: 0}
  m_GameObject: {fileID: 837624154}
  m_CullTransparentMesh: 1
--- !u!1001 &977055114
PrefabInstance:
  m_ObjectHideFlags: 0
  serializedVersion: 2
  m_Modification:
    m_TransformParent: {fileID: 8608206774397997708}
    m_Modifications:
    - target: {fileID: 2560176187345048556, guid: 50422ba59db294215b55d2a0ff6be199, type: 3}
      propertyPath: m_Name
      value: Cycleclothes
      objectReference: {fileID: 0}
    - target: {fileID: 2560176187345048556, guid: 50422ba59db294215b55d2a0ff6be199, type: 3}
      propertyPath: m_IsActive
      value: 0
      objectReference: {fileID: 0}
    - target: {fileID: 2560176187345048557, guid: 50422ba59db294215b55d2a0ff6be199, type: 3}
      propertyPath: m_Pivot.x
      value: 0.5
      objectReference: {fileID: 0}
    - target: {fileID: 2560176187345048557, guid: 50422ba59db294215b55d2a0ff6be199, type: 3}
      propertyPath: m_Pivot.y
      value: 0.5000005
      objectReference: {fileID: 0}
    - target: {fileID: 2560176187345048557, guid: 50422ba59db294215b55d2a0ff6be199, type: 3}
      propertyPath: m_RootOrder
      value: 4
      objectReference: {fileID: 0}
    - target: {fileID: 2560176187345048557, guid: 50422ba59db294215b55d2a0ff6be199, type: 3}
      propertyPath: m_AnchorMax.x
      value: 0.13685101
      objectReference: {fileID: 0}
    - target: {fileID: 2560176187345048557, guid: 50422ba59db294215b55d2a0ff6be199, type: 3}
      propertyPath: m_AnchorMax.y
      value: 1
      objectReference: {fileID: 0}
    - target: {fileID: 2560176187345048557, guid: 50422ba59db294215b55d2a0ff6be199, type: 3}
      propertyPath: m_AnchorMin.x
      value: 0
      objectReference: {fileID: 0}
    - target: {fileID: 2560176187345048557, guid: 50422ba59db294215b55d2a0ff6be199, type: 3}
      propertyPath: m_AnchorMin.y
      value: 1
      objectReference: {fileID: 0}
    - target: {fileID: 2560176187345048557, guid: 50422ba59db294215b55d2a0ff6be199, type: 3}
      propertyPath: m_SizeDelta.x
      value: -4.745811
      objectReference: {fileID: 0}
    - target: {fileID: 2560176187345048557, guid: 50422ba59db294215b55d2a0ff6be199, type: 3}
      propertyPath: m_SizeDelta.y
      value: 32.214
      objectReference: {fileID: 0}
    - target: {fileID: 2560176187345048557, guid: 50422ba59db294215b55d2a0ff6be199, type: 3}
      propertyPath: m_LocalPosition.x
      value: 0
      objectReference: {fileID: 0}
    - target: {fileID: 2560176187345048557, guid: 50422ba59db294215b55d2a0ff6be199, type: 3}
      propertyPath: m_LocalPosition.y
      value: 0
      objectReference: {fileID: 0}
    - target: {fileID: 2560176187345048557, guid: 50422ba59db294215b55d2a0ff6be199, type: 3}
      propertyPath: m_LocalPosition.z
      value: 0
      objectReference: {fileID: 0}
    - target: {fileID: 2560176187345048557, guid: 50422ba59db294215b55d2a0ff6be199, type: 3}
      propertyPath: m_LocalRotation.w
      value: 1
      objectReference: {fileID: 0}
    - target: {fileID: 2560176187345048557, guid: 50422ba59db294215b55d2a0ff6be199, type: 3}
      propertyPath: m_LocalRotation.x
      value: -0
      objectReference: {fileID: 0}
    - target: {fileID: 2560176187345048557, guid: 50422ba59db294215b55d2a0ff6be199, type: 3}
      propertyPath: m_LocalRotation.y
      value: -0
      objectReference: {fileID: 0}
    - target: {fileID: 2560176187345048557, guid: 50422ba59db294215b55d2a0ff6be199, type: 3}
      propertyPath: m_LocalRotation.z
      value: -0
      objectReference: {fileID: 0}
    - target: {fileID: 2560176187345048557, guid: 50422ba59db294215b55d2a0ff6be199, type: 3}
      propertyPath: m_AnchoredPosition.x
      value: 221.5099
      objectReference: {fileID: 0}
    - target: {fileID: 2560176187345048557, guid: 50422ba59db294215b55d2a0ff6be199, type: 3}
      propertyPath: m_AnchoredPosition.y
      value: -103.89
      objectReference: {fileID: 0}
    - target: {fileID: 2560176187345048557, guid: 50422ba59db294215b55d2a0ff6be199, type: 3}
      propertyPath: m_LocalEulerAnglesHint.x
      value: 0
      objectReference: {fileID: 0}
    - target: {fileID: 2560176187345048557, guid: 50422ba59db294215b55d2a0ff6be199, type: 3}
      propertyPath: m_LocalEulerAnglesHint.y
      value: 0
      objectReference: {fileID: 0}
    - target: {fileID: 2560176187345048557, guid: 50422ba59db294215b55d2a0ff6be199, type: 3}
      propertyPath: m_LocalEulerAnglesHint.z
      value: 0
      objectReference: {fileID: 0}
    m_RemovedComponents: []
  m_SourcePrefab: {fileID: 100100000, guid: 50422ba59db294215b55d2a0ff6be199, type: 3}
--- !u!114 &977055115 stripped
MonoBehaviour:
  m_CorrespondingSourceObject: {fileID: 2560176187345048558, guid: 50422ba59db294215b55d2a0ff6be199, type: 3}
  m_PrefabInstance: {fileID: 977055114}
  m_PrefabAsset: {fileID: 0}
  m_GameObject: {fileID: 0}
  m_Enabled: 1
  m_EditorHideFlags: 0
  m_Script: {fileID: 11500000, guid: 4e29b1a8efbd4b44bb3f3716e73f07ff, type: 3}
  m_Name: 
  m_EditorClassIdentifier: 
--- !u!114 &1136536932 stripped
MonoBehaviour:
  m_CorrespondingSourceObject: {fileID: 2142766650178849532, guid: 28e61bc0b76a34e89a52fa95ce74ab78, type: 3}
  m_PrefabInstance: {fileID: 8608206774397997707}
  m_PrefabAsset: {fileID: 0}
  m_GameObject: {fileID: 0}
  m_Enabled: 1
  m_EditorHideFlags: 0
  m_Script: {fileID: 11500000, guid: f4688fdb7df04437aeb418b961361dc5, type: 3}
  m_Name: 
  m_EditorClassIdentifier: 
--- !u!1001 &1216407435
PrefabInstance:
  m_ObjectHideFlags: 0
  serializedVersion: 2
  m_Modification:
    m_TransformParent: {fileID: 809033811}
    m_Modifications:
    - target: {fileID: 1965754915497138712, guid: 4b4f21cdcd2ea40578005f5f0313c469, type: 3}
      propertyPath: m_Pivot.x
      value: 0.5
      objectReference: {fileID: 0}
    - target: {fileID: 1965754915497138712, guid: 4b4f21cdcd2ea40578005f5f0313c469, type: 3}
      propertyPath: m_Pivot.y
      value: 0.5
      objectReference: {fileID: 0}
    - target: {fileID: 1965754915497138712, guid: 4b4f21cdcd2ea40578005f5f0313c469, type: 3}
      propertyPath: m_RootOrder
      value: 4
      objectReference: {fileID: 0}
    - target: {fileID: 1965754915497138712, guid: 4b4f21cdcd2ea40578005f5f0313c469, type: 3}
      propertyPath: m_AnchorMax.x
      value: 0.134
      objectReference: {fileID: 0}
    - target: {fileID: 1965754915497138712, guid: 4b4f21cdcd2ea40578005f5f0313c469, type: 3}
      propertyPath: m_AnchorMax.y
      value: 1
      objectReference: {fileID: 0}
    - target: {fileID: 1965754915497138712, guid: 4b4f21cdcd2ea40578005f5f0313c469, type: 3}
      propertyPath: m_AnchorMin.x
      value: 0
      objectReference: {fileID: 0}
    - target: {fileID: 1965754915497138712, guid: 4b4f21cdcd2ea40578005f5f0313c469, type: 3}
      propertyPath: m_AnchorMin.y
      value: 1
      objectReference: {fileID: 0}
    - target: {fileID: 1965754915497138712, guid: 4b4f21cdcd2ea40578005f5f0313c469, type: 3}
      propertyPath: m_SizeDelta.x
      value: 303.52
      objectReference: {fileID: 0}
    - target: {fileID: 1965754915497138712, guid: 4b4f21cdcd2ea40578005f5f0313c469, type: 3}
      propertyPath: m_SizeDelta.y
      value: 758
      objectReference: {fileID: 0}
    - target: {fileID: 1965754915497138712, guid: 4b4f21cdcd2ea40578005f5f0313c469, type: 3}
      propertyPath: m_LocalPosition.x
      value: 0
      objectReference: {fileID: 0}
    - target: {fileID: 1965754915497138712, guid: 4b4f21cdcd2ea40578005f5f0313c469, type: 3}
      propertyPath: m_LocalPosition.y
      value: 0
      objectReference: {fileID: 0}
    - target: {fileID: 1965754915497138712, guid: 4b4f21cdcd2ea40578005f5f0313c469, type: 3}
      propertyPath: m_LocalPosition.z
      value: 0
      objectReference: {fileID: 0}
    - target: {fileID: 1965754915497138712, guid: 4b4f21cdcd2ea40578005f5f0313c469, type: 3}
      propertyPath: m_LocalRotation.w
      value: 0.9999994
      objectReference: {fileID: 0}
    - target: {fileID: 1965754915497138712, guid: 4b4f21cdcd2ea40578005f5f0313c469, type: 3}
      propertyPath: m_LocalRotation.x
      value: -0
      objectReference: {fileID: 0}
    - target: {fileID: 1965754915497138712, guid: 4b4f21cdcd2ea40578005f5f0313c469, type: 3}
      propertyPath: m_LocalRotation.y
      value: -0
      objectReference: {fileID: 0}
    - target: {fileID: 1965754915497138712, guid: 4b4f21cdcd2ea40578005f5f0313c469, type: 3}
      propertyPath: m_LocalRotation.z
      value: 0.0010918749
      objectReference: {fileID: 0}
    - target: {fileID: 1965754915497138712, guid: 4b4f21cdcd2ea40578005f5f0313c469, type: 3}
      propertyPath: m_AnchoredPosition.x
      value: 151.50037
      objectReference: {fileID: 0}
    - target: {fileID: 1965754915497138712, guid: 4b4f21cdcd2ea40578005f5f0313c469, type: 3}
      propertyPath: m_AnchoredPosition.y
      value: -379.5
      objectReference: {fileID: 0}
    - target: {fileID: 1965754915497138712, guid: 4b4f21cdcd2ea40578005f5f0313c469, type: 3}
      propertyPath: m_LocalEulerAnglesHint.x
      value: 0
      objectReference: {fileID: 0}
    - target: {fileID: 1965754915497138712, guid: 4b4f21cdcd2ea40578005f5f0313c469, type: 3}
      propertyPath: m_LocalEulerAnglesHint.y
      value: 0
      objectReference: {fileID: 0}
    - target: {fileID: 1965754915497138712, guid: 4b4f21cdcd2ea40578005f5f0313c469, type: 3}
      propertyPath: m_LocalEulerAnglesHint.z
      value: 0.125
      objectReference: {fileID: 0}
    - target: {fileID: 1965754915497138713, guid: 4b4f21cdcd2ea40578005f5f0313c469, type: 3}
      propertyPath: m_Name
      value: Loadingscreen 1
      objectReference: {fileID: 0}
    - target: {fileID: 1965754915497138713, guid: 4b4f21cdcd2ea40578005f5f0313c469, type: 3}
      propertyPath: m_IsActive
      value: 0
      objectReference: {fileID: 0}
    - target: {fileID: 1965754915497138727, guid: 4b4f21cdcd2ea40578005f5f0313c469, type: 3}
      propertyPath: m_fontColor.a
      value: 1
      objectReference: {fileID: 0}
    - target: {fileID: 1965754915497138727, guid: 4b4f21cdcd2ea40578005f5f0313c469, type: 3}
      propertyPath: m_fontColor.b
      value: 1
      objectReference: {fileID: 0}
    - target: {fileID: 1965754915497138727, guid: 4b4f21cdcd2ea40578005f5f0313c469, type: 3}
      propertyPath: m_fontColor.g
      value: 1
      objectReference: {fileID: 0}
    - target: {fileID: 1965754915497138727, guid: 4b4f21cdcd2ea40578005f5f0313c469, type: 3}
      propertyPath: m_fontColor.r
      value: 1
      objectReference: {fileID: 0}
    - target: {fileID: 1965754915497138727, guid: 4b4f21cdcd2ea40578005f5f0313c469, type: 3}
      propertyPath: m_fontColor32.rgba
      value: 4278190080
      objectReference: {fileID: 0}
    m_RemovedComponents: []
  m_SourcePrefab: {fileID: 100100000, guid: 4b4f21cdcd2ea40578005f5f0313c469, type: 3}
--- !u!1 &1216407436 stripped
GameObject:
  m_CorrespondingSourceObject: {fileID: 1965754915497138713, guid: 4b4f21cdcd2ea40578005f5f0313c469, type: 3}
  m_PrefabInstance: {fileID: 1216407435}
  m_PrefabAsset: {fileID: 0}
--- !u!1 &1263105626
GameObject:
  m_ObjectHideFlags: 0
  m_CorrespondingSourceObject: {fileID: 0}
  m_PrefabInstance: {fileID: 0}
  m_PrefabAsset: {fileID: 0}
  serializedVersion: 6
  m_Component:
  - component: {fileID: 1263105629}
  - component: {fileID: 1263105628}
  - component: {fileID: 1263105627}
  m_Layer: 0
  m_Name: AR Session
  m_TagString: Untagged
  m_Icon: {fileID: 0}
  m_NavMeshLayer: 0
  m_StaticEditorFlags: 0
  m_IsActive: 1
--- !u!114 &1263105627
MonoBehaviour:
  m_ObjectHideFlags: 0
  m_CorrespondingSourceObject: {fileID: 0}
  m_PrefabInstance: {fileID: 0}
  m_PrefabAsset: {fileID: 0}
  m_GameObject: {fileID: 1263105626}
  m_Enabled: 1
  m_EditorHideFlags: 0
  m_Script: {fileID: 11500000, guid: fa850fbd5b8aded44846f96e35f1a9f5, type: 3}
  m_Name: 
  m_EditorClassIdentifier: 
--- !u!114 &1263105628
MonoBehaviour:
  m_ObjectHideFlags: 0
  m_CorrespondingSourceObject: {fileID: 0}
  m_PrefabInstance: {fileID: 0}
  m_PrefabAsset: {fileID: 0}
  m_GameObject: {fileID: 1263105626}
  m_Enabled: 1
  m_EditorHideFlags: 0
  m_Script: {fileID: 11500000, guid: 3859a92a05d4f5d418cb6ca605290e74, type: 3}
  m_Name: 
  m_EditorClassIdentifier: 
  m_AttemptUpdate: 1
  m_MatchFrameRate: 1
  m_TrackingMode: 2
--- !u!4 &1263105629
Transform:
  m_ObjectHideFlags: 0
  m_CorrespondingSourceObject: {fileID: 0}
  m_PrefabInstance: {fileID: 0}
  m_PrefabAsset: {fileID: 0}
  m_GameObject: {fileID: 1263105626}
  m_LocalRotation: {x: 0, y: 0, z: 0, w: 1}
  m_LocalPosition: {x: 0, y: 0, z: 0}
  m_LocalScale: {x: 1, y: 1, z: 1}
  m_Children: []
  m_Father: {fileID: 0}
  m_RootOrder: 2
  m_LocalEulerAnglesHint: {x: 0, y: 0, z: 0}
--- !u!1001 &1600581124
PrefabInstance:
  m_ObjectHideFlags: 0
  serializedVersion: 2
  m_Modification:
    m_TransformParent: {fileID: 809033811}
    m_Modifications:
    - target: {fileID: 6922056791360307523, guid: dfeb7324d54db47a48a2a935be5401ed, type: 3}
      propertyPath: m_IsActive
      value: 0
      objectReference: {fileID: 0}
    - target: {fileID: 6922056791360307524, guid: dfeb7324d54db47a48a2a935be5401ed, type: 3}
      propertyPath: m_AnchoredPosition.x
      value: 0.02999878
      objectReference: {fileID: 0}
    - target: {fileID: 6922056791360307524, guid: dfeb7324d54db47a48a2a935be5401ed, type: 3}
      propertyPath: m_AnchoredPosition.y
      value: -21.653
      objectReference: {fileID: 0}
    - target: {fileID: 6922056792307438693, guid: dfeb7324d54db47a48a2a935be5401ed, type: 3}
      propertyPath: m_Name
      value: Image2
      objectReference: {fileID: 0}
    - target: {fileID: 6922056792307438693, guid: dfeb7324d54db47a48a2a935be5401ed, type: 3}
      propertyPath: m_IsActive
      value: 0
      objectReference: {fileID: 0}
    - target: {fileID: 6922056792307438694, guid: dfeb7324d54db47a48a2a935be5401ed, type: 3}
      propertyPath: m_Pivot.x
      value: 0.5
      objectReference: {fileID: 0}
    - target: {fileID: 6922056792307438694, guid: dfeb7324d54db47a48a2a935be5401ed, type: 3}
      propertyPath: m_Pivot.y
      value: 0.5
      objectReference: {fileID: 0}
    - target: {fileID: 6922056792307438694, guid: dfeb7324d54db47a48a2a935be5401ed, type: 3}
      propertyPath: m_RootOrder
      value: 7
      objectReference: {fileID: 0}
    - target: {fileID: 6922056792307438694, guid: dfeb7324d54db47a48a2a935be5401ed, type: 3}
      propertyPath: m_AnchorMax.x
      value: 0.12829424
      objectReference: {fileID: 0}
    - target: {fileID: 6922056792307438694, guid: dfeb7324d54db47a48a2a935be5401ed, type: 3}
      propertyPath: m_AnchorMax.y
      value: 1
      objectReference: {fileID: 0}
    - target: {fileID: 6922056792307438694, guid: dfeb7324d54db47a48a2a935be5401ed, type: 3}
      propertyPath: m_AnchorMin.x
      value: 0
      objectReference: {fileID: 0}
    - target: {fileID: 6922056792307438694, guid: dfeb7324d54db47a48a2a935be5401ed, type: 3}
      propertyPath: m_AnchorMin.y
      value: 1
      objectReference: {fileID: 0}
    - target: {fileID: 6922056792307438694, guid: dfeb7324d54db47a48a2a935be5401ed, type: 3}
      propertyPath: m_SizeDelta.x
      value: 0.9410095
      objectReference: {fileID: 0}
    - target: {fileID: 6922056792307438694, guid: dfeb7324d54db47a48a2a935be5401ed, type: 3}
      propertyPath: m_SizeDelta.y
      value: 43.536987
      objectReference: {fileID: 0}
    - target: {fileID: 6922056792307438694, guid: dfeb7324d54db47a48a2a935be5401ed, type: 3}
      propertyPath: m_LocalPosition.x
      value: 0
      objectReference: {fileID: 0}
    - target: {fileID: 6922056792307438694, guid: dfeb7324d54db47a48a2a935be5401ed, type: 3}
      propertyPath: m_LocalPosition.y
      value: 0
      objectReference: {fileID: 0}
    - target: {fileID: 6922056792307438694, guid: dfeb7324d54db47a48a2a935be5401ed, type: 3}
      propertyPath: m_LocalPosition.z
      value: 0
      objectReference: {fileID: 0}
    - target: {fileID: 6922056792307438694, guid: dfeb7324d54db47a48a2a935be5401ed, type: 3}
      propertyPath: m_LocalRotation.w
      value: 1
      objectReference: {fileID: 0}
    - target: {fileID: 6922056792307438694, guid: dfeb7324d54db47a48a2a935be5401ed, type: 3}
      propertyPath: m_LocalRotation.x
      value: 0
      objectReference: {fileID: 0}
    - target: {fileID: 6922056792307438694, guid: dfeb7324d54db47a48a2a935be5401ed, type: 3}
      propertyPath: m_LocalRotation.y
      value: 0
      objectReference: {fileID: 0}
    - target: {fileID: 6922056792307438694, guid: dfeb7324d54db47a48a2a935be5401ed, type: 3}
      propertyPath: m_LocalRotation.z
      value: 0
      objectReference: {fileID: 0}
    - target: {fileID: 6922056792307438694, guid: dfeb7324d54db47a48a2a935be5401ed, type: 3}
      propertyPath: m_AnchoredPosition.x
      value: 0.21087646
      objectReference: {fileID: 0}
    - target: {fileID: 6922056792307438694, guid: dfeb7324d54db47a48a2a935be5401ed, type: 3}
      propertyPath: m_AnchoredPosition.y
      value: -22.76294
      objectReference: {fileID: 0}
    - target: {fileID: 6922056792307438694, guid: dfeb7324d54db47a48a2a935be5401ed, type: 3}
      propertyPath: m_LocalEulerAnglesHint.x
      value: 0
      objectReference: {fileID: 0}
    - target: {fileID: 6922056792307438694, guid: dfeb7324d54db47a48a2a935be5401ed, type: 3}
      propertyPath: m_LocalEulerAnglesHint.y
      value: 0
      objectReference: {fileID: 0}
    - target: {fileID: 6922056792307438694, guid: dfeb7324d54db47a48a2a935be5401ed, type: 3}
      propertyPath: m_LocalEulerAnglesHint.z
      value: 0
      objectReference: {fileID: 0}
    m_RemovedComponents: []
  m_SourcePrefab: {fileID: 100100000, guid: dfeb7324d54db47a48a2a935be5401ed, type: 3}
--- !u!1 &1655076534
GameObject:
  m_ObjectHideFlags: 0
  m_CorrespondingSourceObject: {fileID: 0}
  m_PrefabInstance: {fileID: 0}
  m_PrefabAsset: {fileID: 0}
  serializedVersion: 6
  m_Component:
  - component: {fileID: 1655076536}
  - component: {fileID: 1655076535}
  m_Layer: 0
  m_Name: Directional Light
  m_TagString: Untagged
  m_Icon: {fileID: 0}
  m_NavMeshLayer: 0
  m_StaticEditorFlags: 0
  m_IsActive: 1
--- !u!108 &1655076535
Light:
  m_ObjectHideFlags: 0
  m_CorrespondingSourceObject: {fileID: 0}
  m_PrefabInstance: {fileID: 0}
  m_PrefabAsset: {fileID: 0}
  m_GameObject: {fileID: 1655076534}
  m_Enabled: 1
  serializedVersion: 10
  m_Type: 1
  m_Shape: 0
  m_Color: {r: 1, g: 0.95686275, b: 0.8392157, a: 1}
  m_Intensity: 1
  m_Range: 10
  m_SpotAngle: 30
  m_InnerSpotAngle: 21.80208
  m_CookieSize: 10
  m_Shadows:
    m_Type: 2
    m_Resolution: -1
    m_CustomResolution: -1
    m_Strength: 1
    m_Bias: 0.05
    m_NormalBias: 0.4
    m_NearPlane: 0.2
    m_CullingMatrixOverride:
      e00: 1
      e01: 0
      e02: 0
      e03: 0
      e10: 0
      e11: 1
      e12: 0
      e13: 0
      e20: 0
      e21: 0
      e22: 1
      e23: 0
      e30: 0
      e31: 0
      e32: 0
      e33: 1
    m_UseCullingMatrixOverride: 0
  m_Cookie: {fileID: 0}
  m_DrawHalo: 0
  m_Flare: {fileID: 0}
  m_RenderMode: 0
  m_CullingMask:
    serializedVersion: 2
    m_Bits: 4294967295
  m_RenderingLayerMask: 1
  m_Lightmapping: 1
  m_LightShadowCasterMode: 0
  m_AreaSize: {x: 1, y: 1}
  m_BounceIntensity: 1
  m_ColorTemperature: 6570
  m_UseColorTemperature: 0
  m_BoundingSphereOverride: {x: 0, y: 0, z: 0, w: 0}
  m_UseBoundingSphereOverride: 0
  m_UseViewFrustumForShadowCasterCull: 1
  m_ShadowRadius: 0
  m_ShadowAngle: 0
--- !u!4 &1655076536
Transform:
  m_ObjectHideFlags: 0
  m_CorrespondingSourceObject: {fileID: 0}
  m_PrefabInstance: {fileID: 0}
  m_PrefabAsset: {fileID: 0}
  m_GameObject: {fileID: 1655076534}
  m_LocalRotation: {x: 0.40821788, y: -0.23456968, z: 0.10938163, w: 0.8754261}
  m_LocalPosition: {x: 0, y: 3, z: 0}
  m_LocalScale: {x: 1, y: 1, z: 1}
  m_Children: []
  m_Father: {fileID: 0}
  m_RootOrder: 0
  m_LocalEulerAnglesHint: {x: 50, y: -30, z: 0}
--- !u!1001 &1840153787
PrefabInstance:
  m_ObjectHideFlags: 0
  serializedVersion: 2
  m_Modification:
    m_TransformParent: {fileID: 8608206774397997708}
    m_Modifications:
    - target: {fileID: 1846072065083385487, guid: 19cb1be97046147c08cdff3981c6fd0a, type: 3}
      propertyPath: m_Color.a
      value: 0.23137255
      objectReference: {fileID: 0}
    - target: {fileID: 1846072065083385487, guid: 19cb1be97046147c08cdff3981c6fd0a, type: 3}
      propertyPath: m_Color.b
      value: 0
      objectReference: {fileID: 0}
    - target: {fileID: 1846072065083385487, guid: 19cb1be97046147c08cdff3981c6fd0a, type: 3}
      propertyPath: m_Color.g
      value: 0
      objectReference: {fileID: 0}
    - target: {fileID: 1846072065083385487, guid: 19cb1be97046147c08cdff3981c6fd0a, type: 3}
      propertyPath: m_Color.r
      value: 0
      objectReference: {fileID: 0}
    - target: {fileID: 1846072065500364785, guid: 19cb1be97046147c08cdff3981c6fd0a, type: 3}
      propertyPath: m_Color.a
      value: 0.23137255
      objectReference: {fileID: 0}
    - target: {fileID: 1846072065500364785, guid: 19cb1be97046147c08cdff3981c6fd0a, type: 3}
      propertyPath: m_Color.b
      value: 0
      objectReference: {fileID: 0}
    - target: {fileID: 1846072065500364785, guid: 19cb1be97046147c08cdff3981c6fd0a, type: 3}
      propertyPath: m_Color.g
      value: 0
      objectReference: {fileID: 0}
    - target: {fileID: 1846072065500364785, guid: 19cb1be97046147c08cdff3981c6fd0a, type: 3}
      propertyPath: m_Color.r
      value: 0
      objectReference: {fileID: 0}
    - target: {fileID: 1846072065803770357, guid: 19cb1be97046147c08cdff3981c6fd0a, type: 3}
      propertyPath: m_Sprite
      value: 
      objectReference: {fileID: 0}
    - target: {fileID: 1846072065803770357, guid: 19cb1be97046147c08cdff3981c6fd0a, type: 3}
      propertyPath: m_Color.a
      value: 0.23137255
      objectReference: {fileID: 0}
    - target: {fileID: 1846072065803770357, guid: 19cb1be97046147c08cdff3981c6fd0a, type: 3}
      propertyPath: m_Color.b
      value: 0
      objectReference: {fileID: 0}
    - target: {fileID: 1846072065803770357, guid: 19cb1be97046147c08cdff3981c6fd0a, type: 3}
      propertyPath: m_Color.g
      value: 0
      objectReference: {fileID: 0}
    - target: {fileID: 1846072065803770357, guid: 19cb1be97046147c08cdff3981c6fd0a, type: 3}
      propertyPath: m_Color.r
      value: 0
      objectReference: {fileID: 0}
    - target: {fileID: 1846072066147919378, guid: 19cb1be97046147c08cdff3981c6fd0a, type: 3}
      propertyPath: m_fontAsset
      value: 
      objectReference: {fileID: 11400000, guid: 1174dfa298779447fa14e8134b9d43ed, type: 2}
    - target: {fileID: 1846072066147919378, guid: 19cb1be97046147c08cdff3981c6fd0a, type: 3}
      propertyPath: m_fontColor.b
      value: 1
      objectReference: {fileID: 0}
    - target: {fileID: 1846072066147919378, guid: 19cb1be97046147c08cdff3981c6fd0a, type: 3}
      propertyPath: m_fontColor.g
      value: 1
      objectReference: {fileID: 0}
    - target: {fileID: 1846072066147919378, guid: 19cb1be97046147c08cdff3981c6fd0a, type: 3}
      propertyPath: m_fontColor.r
      value: 1
      objectReference: {fileID: 0}
    - target: {fileID: 1846072066147919378, guid: 19cb1be97046147c08cdff3981c6fd0a, type: 3}
      propertyPath: m_hasFontAssetChanged
      value: 1
      objectReference: {fileID: 0}
    - target: {fileID: 1846072066285385820, guid: 19cb1be97046147c08cdff3981c6fd0a, type: 3}
      propertyPath: m_Pivot.x
      value: 0.5
      objectReference: {fileID: 0}
    - target: {fileID: 1846072066285385820, guid: 19cb1be97046147c08cdff3981c6fd0a, type: 3}
      propertyPath: m_Pivot.y
      value: 0.5
      objectReference: {fileID: 0}
    - target: {fileID: 1846072066285385820, guid: 19cb1be97046147c08cdff3981c6fd0a, type: 3}
      propertyPath: m_RootOrder
      value: 2
      objectReference: {fileID: 0}
    - target: {fileID: 1846072066285385820, guid: 19cb1be97046147c08cdff3981c6fd0a, type: 3}
      propertyPath: m_AnchorMax.x
      value: 0.5
      objectReference: {fileID: 0}
    - target: {fileID: 1846072066285385820, guid: 19cb1be97046147c08cdff3981c6fd0a, type: 3}
      propertyPath: m_AnchorMax.y
      value: 0.5
      objectReference: {fileID: 0}
    - target: {fileID: 1846072066285385820, guid: 19cb1be97046147c08cdff3981c6fd0a, type: 3}
      propertyPath: m_AnchorMin.x
      value: 0.5
      objectReference: {fileID: 0}
    - target: {fileID: 1846072066285385820, guid: 19cb1be97046147c08cdff3981c6fd0a, type: 3}
      propertyPath: m_AnchorMin.y
      value: 0.5
      objectReference: {fileID: 0}
    - target: {fileID: 1846072066285385820, guid: 19cb1be97046147c08cdff3981c6fd0a, type: 3}
      propertyPath: m_SizeDelta.x
      value: 83.6199
      objectReference: {fileID: 0}
    - target: {fileID: 1846072066285385820, guid: 19cb1be97046147c08cdff3981c6fd0a, type: 3}
      propertyPath: m_SizeDelta.y
      value: 32.213
      objectReference: {fileID: 0}
    - target: {fileID: 1846072066285385820, guid: 19cb1be97046147c08cdff3981c6fd0a, type: 3}
      propertyPath: m_LocalPosition.x
      value: 0
      objectReference: {fileID: 0}
    - target: {fileID: 1846072066285385820, guid: 19cb1be97046147c08cdff3981c6fd0a, type: 3}
      propertyPath: m_LocalPosition.y
      value: 0
      objectReference: {fileID: 0}
    - target: {fileID: 1846072066285385820, guid: 19cb1be97046147c08cdff3981c6fd0a, type: 3}
      propertyPath: m_LocalPosition.z
      value: 0
      objectReference: {fileID: 0}
    - target: {fileID: 1846072066285385820, guid: 19cb1be97046147c08cdff3981c6fd0a, type: 3}
      propertyPath: m_LocalRotation.w
      value: 1
      objectReference: {fileID: 0}
    - target: {fileID: 1846072066285385820, guid: 19cb1be97046147c08cdff3981c6fd0a, type: 3}
      propertyPath: m_LocalRotation.x
      value: -0
      objectReference: {fileID: 0}
    - target: {fileID: 1846072066285385820, guid: 19cb1be97046147c08cdff3981c6fd0a, type: 3}
      propertyPath: m_LocalRotation.y
      value: -0
      objectReference: {fileID: 0}
    - target: {fileID: 1846072066285385820, guid: 19cb1be97046147c08cdff3981c6fd0a, type: 3}
      propertyPath: m_LocalRotation.z
      value: -0
      objectReference: {fileID: 0}
    - target: {fileID: 1846072066285385820, guid: 19cb1be97046147c08cdff3981c6fd0a, type: 3}
      propertyPath: m_AnchoredPosition.x
      value: 133.56624
      objectReference: {fileID: 0}
    - target: {fileID: 1846072066285385820, guid: 19cb1be97046147c08cdff3981c6fd0a, type: 3}
      propertyPath: m_AnchoredPosition.y
      value: -36.165527
      objectReference: {fileID: 0}
    - target: {fileID: 1846072066285385820, guid: 19cb1be97046147c08cdff3981c6fd0a, type: 3}
      propertyPath: m_LocalEulerAnglesHint.x
      value: 0
      objectReference: {fileID: 0}
    - target: {fileID: 1846072066285385820, guid: 19cb1be97046147c08cdff3981c6fd0a, type: 3}
      propertyPath: m_LocalEulerAnglesHint.y
      value: 0
      objectReference: {fileID: 0}
    - target: {fileID: 1846072066285385820, guid: 19cb1be97046147c08cdff3981c6fd0a, type: 3}
      propertyPath: m_LocalEulerAnglesHint.z
      value: 0
      objectReference: {fileID: 0}
    - target: {fileID: 1846072066285385821, guid: 19cb1be97046147c08cdff3981c6fd0a, type: 3}
      propertyPath: m_Name
      value: Dropdown
      objectReference: {fileID: 0}
    - target: {fileID: 1846072066285385821, guid: 19cb1be97046147c08cdff3981c6fd0a, type: 3}
      propertyPath: m_IsActive
      value: 0
      objectReference: {fileID: 0}
    m_RemovedComponents: []
  m_SourcePrefab: {fileID: 100100000, guid: 19cb1be97046147c08cdff3981c6fd0a, type: 3}
--- !u!114 &1840153788 stripped
MonoBehaviour:
  m_CorrespondingSourceObject: {fileID: 1846072066285385819, guid: 19cb1be97046147c08cdff3981c6fd0a, type: 3}
  m_PrefabInstance: {fileID: 1840153787}
  m_PrefabAsset: {fileID: 0}
  m_GameObject: {fileID: 0}
  m_Enabled: 1
  m_EditorHideFlags: 0
  m_Script: {fileID: 11500000, guid: 7b743370ac3e4ec2a1668f5455a8ef8a, type: 3}
  m_Name: 
  m_EditorClassIdentifier: 
--- !u!1 &1843628597
GameObject:
  m_ObjectHideFlags: 0
  m_CorrespondingSourceObject: {fileID: 0}
  m_PrefabInstance: {fileID: 0}
  m_PrefabAsset: {fileID: 0}
  serializedVersion: 6
  m_Component:
  - component: {fileID: 1843628600}
  - component: {fileID: 1843628599}
  - component: {fileID: 1843628598}
  m_Layer: 0
  m_Name: EventSystem
  m_TagString: Untagged
  m_Icon: {fileID: 0}
  m_NavMeshLayer: 0
  m_StaticEditorFlags: 0
  m_IsActive: 1
--- !u!114 &1843628598
MonoBehaviour:
  m_ObjectHideFlags: 0
  m_CorrespondingSourceObject: {fileID: 0}
  m_PrefabInstance: {fileID: 0}
  m_PrefabAsset: {fileID: 0}
  m_GameObject: {fileID: 1843628597}
  m_Enabled: 1
  m_EditorHideFlags: 0
  m_Script: {fileID: 11500000, guid: 4f231c4fb786f3946a6b90b886c48677, type: 3}
  m_Name: 
  m_EditorClassIdentifier: 
  m_HorizontalAxis: Horizontal
  m_VerticalAxis: Vertical
  m_SubmitButton: Submit
  m_CancelButton: Cancel
  m_InputActionsPerSecond: 10
  m_RepeatDelay: 0.5
  m_ForceModuleActive: 0
--- !u!114 &1843628599
MonoBehaviour:
  m_ObjectHideFlags: 0
  m_CorrespondingSourceObject: {fileID: 0}
  m_PrefabInstance: {fileID: 0}
  m_PrefabAsset: {fileID: 0}
  m_GameObject: {fileID: 1843628597}
  m_Enabled: 1
  m_EditorHideFlags: 0
  m_Script: {fileID: 11500000, guid: 76c392e42b5098c458856cdf6ecaaaa1, type: 3}
  m_Name: 
  m_EditorClassIdentifier: 
  m_FirstSelected: {fileID: 0}
  m_sendNavigationEvents: 1
  m_DragThreshold: 10
--- !u!4 &1843628600
Transform:
  m_ObjectHideFlags: 0
  m_CorrespondingSourceObject: {fileID: 0}
  m_PrefabInstance: {fileID: 0}
  m_PrefabAsset: {fileID: 0}
  m_GameObject: {fileID: 1843628597}
  m_LocalRotation: {x: 0, y: 0, z: 0, w: 1}
  m_LocalPosition: {x: 0, y: 0, z: 0}
  m_LocalScale: {x: 1, y: 1, z: 1}
  m_Children: []
  m_Father: {fileID: 0}
  m_RootOrder: 7
  m_LocalEulerAnglesHint: {x: 0, y: 0, z: 0}
--- !u!1001 &1880367237
PrefabInstance:
  m_ObjectHideFlags: 0
  serializedVersion: 2
  m_Modification:
    m_TransformParent: {fileID: 0}
    m_Modifications:
    - target: {fileID: 2108540161602865952, guid: d63d6a91d645848e4895e730293357d9, type: 3}
      propertyPath: m_Name
      value: UIController
      objectReference: {fileID: 0}
    - target: {fileID: 2108540161602865954, guid: d63d6a91d645848e4895e730293357d9, type: 3}
      propertyPath: m_RootOrder
      value: 3
      objectReference: {fileID: 0}
    - target: {fileID: 2108540161602865954, guid: d63d6a91d645848e4895e730293357d9, type: 3}
      propertyPath: m_LocalPosition.x
      value: -0.68960136
      objectReference: {fileID: 0}
    - target: {fileID: 2108540161602865954, guid: d63d6a91d645848e4895e730293357d9, type: 3}
      propertyPath: m_LocalPosition.y
      value: -0.1652982
      objectReference: {fileID: 0}
    - target: {fileID: 2108540161602865954, guid: d63d6a91d645848e4895e730293357d9, type: 3}
      propertyPath: m_LocalPosition.z
      value: 1.9883368
      objectReference: {fileID: 0}
    - target: {fileID: 2108540161602865954, guid: d63d6a91d645848e4895e730293357d9, type: 3}
      propertyPath: m_LocalRotation.w
      value: 1
      objectReference: {fileID: 0}
    - target: {fileID: 2108540161602865954, guid: d63d6a91d645848e4895e730293357d9, type: 3}
      propertyPath: m_LocalRotation.x
      value: 0
      objectReference: {fileID: 0}
    - target: {fileID: 2108540161602865954, guid: d63d6a91d645848e4895e730293357d9, type: 3}
      propertyPath: m_LocalRotation.y
      value: 0
      objectReference: {fileID: 0}
    - target: {fileID: 2108540161602865954, guid: d63d6a91d645848e4895e730293357d9, type: 3}
      propertyPath: m_LocalRotation.z
      value: 0
      objectReference: {fileID: 0}
    - target: {fileID: 2108540161602865954, guid: d63d6a91d645848e4895e730293357d9, type: 3}
      propertyPath: m_LocalEulerAnglesHint.x
      value: 0
      objectReference: {fileID: 0}
    - target: {fileID: 2108540161602865954, guid: d63d6a91d645848e4895e730293357d9, type: 3}
      propertyPath: m_LocalEulerAnglesHint.y
      value: 0
      objectReference: {fileID: 0}
    - target: {fileID: 2108540161602865954, guid: d63d6a91d645848e4895e730293357d9, type: 3}
      propertyPath: m_LocalEulerAnglesHint.z
      value: 0
      objectReference: {fileID: 0}
    - target: {fileID: 2108540161602865955, guid: d63d6a91d645848e4895e730293357d9, type: 3}
      propertyPath: garment
      value: 
      objectReference: {fileID: 306961412}
    m_RemovedComponents: []
  m_SourcePrefab: {fileID: 100100000, guid: d63d6a91d645848e4895e730293357d9, type: 3}
--- !u!114 &1880367238 stripped
MonoBehaviour:
  m_CorrespondingSourceObject: {fileID: 2108540161602865955, guid: d63d6a91d645848e4895e730293357d9, type: 3}
  m_PrefabInstance: {fileID: 1880367237}
  m_PrefabAsset: {fileID: 0}
  m_GameObject: {fileID: 0}
  m_Enabled: 1
  m_EditorHideFlags: 0
  m_Script: {fileID: 11500000, guid: 038aaedc9c3c4d79aba8294fba5a05ed, type: 3}
  m_Name: 
  m_EditorClassIdentifier: 
--- !u!1 &2022745447
GameObject:
  m_ObjectHideFlags: 0
  m_CorrespondingSourceObject: {fileID: 0}
  m_PrefabInstance: {fileID: 0}
  m_PrefabAsset: {fileID: 0}
  serializedVersion: 6
  m_Component:
  - component: {fileID: 2022745449}
  - component: {fileID: 2022745450}
  - component: {fileID: 2022745448}
  m_Layer: 0
  m_Name: Human Body Tracker Garment (1)
  m_TagString: Untagged
  m_Icon: {fileID: 0}
  m_NavMeshLayer: 0
  m_StaticEditorFlags: 0
  m_IsActive: 1
--- !u!114 &2022745448
MonoBehaviour:
  m_ObjectHideFlags: 0
  m_CorrespondingSourceObject: {fileID: 0}
  m_PrefabInstance: {fileID: 0}
  m_PrefabAsset: {fileID: 0}
  m_GameObject: {fileID: 2022745447}
  m_Enabled: 1
  m_EditorHideFlags: 0
  m_Script: {fileID: 11500000, guid: 520bb47c46cf8624fafb307b7d1b862a, type: 3}
  m_Name: 
  m_EditorClassIdentifier: 
  m_Camera: {fileID: 0}
--- !u!4 &2022745449
Transform:
  m_ObjectHideFlags: 0
  m_CorrespondingSourceObject: {fileID: 0}
  m_PrefabInstance: {fileID: 0}
  m_PrefabAsset: {fileID: 0}
  m_GameObject: {fileID: 2022745447}
  m_LocalRotation: {x: 0, y: 0, z: 0, w: 1}
  m_LocalPosition: {x: 0, y: 0, z: 0}
  m_LocalScale: {x: 1, y: 1, z: 1}
  m_Children: []
  m_Father: {fileID: 0}
  m_RootOrder: 10
  m_LocalEulerAnglesHint: {x: 0, y: 0, z: 0}
--- !u!114 &2022745450
MonoBehaviour:
  m_ObjectHideFlags: 0
  m_CorrespondingSourceObject: {fileID: 0}
  m_PrefabInstance: {fileID: 0}
  m_PrefabAsset: {fileID: 0}
  m_GameObject: {fileID: 2022745447}
  m_Enabled: 1
  m_EditorHideFlags: 0
  m_Script: {fileID: 11500000, guid: 3658f876cd1ab4d6295070280fac49f0, type: 3}
  m_Name: 
  m_EditorClassIdentifier: 
  avatarOcc: 0
  textTitle: {fileID: 1136536932}
  loadingScr: {fileID: 1216407436}
  cycle: {fileID: 977055115}
  sizeDropdown: {fileID: 1840153788}
  colorText: {fileID: 744939990}
  m_HumanBodyManager: {fileID: 646217272}
--- !u!1 &2109879920
GameObject:
  m_ObjectHideFlags: 0
  m_CorrespondingSourceObject: {fileID: 0}
  m_PrefabInstance: {fileID: 0}
  m_PrefabAsset: {fileID: 0}
  serializedVersion: 6
  m_Component:
  - component: {fileID: 2109879925}
  - component: {fileID: 2109879921}
  - component: {fileID: 2109879924}
  - component: {fileID: 2109879923}
  - component: {fileID: 2109879922}
  m_Layer: 0
  m_Name: AR Camera
  m_TagString: Untagged
  m_Icon: {fileID: 0}
  m_NavMeshLayer: 0
  m_StaticEditorFlags: 0
  m_IsActive: 1
--- !u!20 &2109879921
Camera:
  m_ObjectHideFlags: 0
  m_CorrespondingSourceObject: {fileID: 0}
  m_PrefabInstance: {fileID: 0}
  m_PrefabAsset: {fileID: 0}
  m_GameObject: {fileID: 2109879920}
  m_Enabled: 1
  serializedVersion: 2
  m_ClearFlags: 2
  m_BackGroundColor: {r: 0, g: 0, b: 0, a: 1}
  m_projectionMatrixMode: 1
  m_GateFitMode: 2
  m_FOVAxisMode: 0
  m_SensorSize: {x: 36, y: 24}
  m_LensShift: {x: 0, y: 0}
  m_FocalLength: 50
  m_NormalizedViewPortRect:
    serializedVersion: 2
    x: 0
    y: 0
    width: 1
    height: 1
  near clip plane: 0.1
  far clip plane: 20
  field of view: 60
  orthographic: 0
  orthographic size: 5
  m_Depth: 0
  m_CullingMask:
    serializedVersion: 2
    m_Bits: 4294967295
  m_RenderingPath: -1
  m_TargetTexture: {fileID: 0}
  m_TargetDisplay: 0
  m_TargetEye: 3
  m_HDR: 1
  m_AllowMSAA: 1
  m_AllowDynamicResolution: 0
  m_ForceIntoRT: 0
  m_OcclusionCulling: 1
  m_StereoConvergence: 10
  m_StereoSeparation: 0.022
--- !u!114 &2109879922
MonoBehaviour:
  m_ObjectHideFlags: 0
  m_CorrespondingSourceObject: {fileID: 0}
  m_PrefabInstance: {fileID: 0}
  m_PrefabAsset: {fileID: 0}
  m_GameObject: {fileID: 2109879920}
  m_Enabled: 1
  m_EditorHideFlags: 0
  m_Script: {fileID: 11500000, guid: 816b289ef451e094f9ae174fb4cf8db0, type: 3}
  m_Name: 
  m_EditorClassIdentifier: 
  m_UseCustomMaterial: 0
  m_CustomMaterial: {fileID: 0}
--- !u!114 &2109879923
MonoBehaviour:
  m_ObjectHideFlags: 0
  m_CorrespondingSourceObject: {fileID: 0}
  m_PrefabInstance: {fileID: 0}
  m_PrefabAsset: {fileID: 0}
  m_GameObject: {fileID: 2109879920}
  m_Enabled: 1
  m_EditorHideFlags: 0
  m_Script: {fileID: 11500000, guid: 4966719baa26e4b0e8231a24d9bd491a, type: 3}
  m_Name: 
  m_EditorClassIdentifier: 
  m_FocusMode: -1
  m_LightEstimationMode: -1
  m_AutoFocus: 1
  m_LightEstimation: 0
  m_FacingDirection: 1
--- !u!114 &2109879924
MonoBehaviour:
  m_ObjectHideFlags: 0
  m_CorrespondingSourceObject: {fileID: 0}
  m_PrefabInstance: {fileID: 0}
  m_PrefabAsset: {fileID: 0}
  m_GameObject: {fileID: 2109879920}
  m_Enabled: 1
  m_EditorHideFlags: 0
  m_Script: {fileID: 11500000, guid: 6e3c44306fb1e439a9f18b2212b8ab70, type: 3}
  m_Name: 
  m_EditorClassIdentifier: 
--- !u!4 &2109879925
Transform:
  m_ObjectHideFlags: 0
  m_CorrespondingSourceObject: {fileID: 0}
  m_PrefabInstance: {fileID: 0}
  m_PrefabAsset: {fileID: 0}
  m_GameObject: {fileID: 2109879920}
  m_LocalRotation: {x: 0, y: 0, z: 0, w: 1}
  m_LocalPosition: {x: 0, y: 0, z: 0}
  m_LocalScale: {x: 1, y: 1, z: 1}
  m_Children: []
  m_Father: {fileID: 646217271}
  m_RootOrder: 0
  m_LocalEulerAnglesHint: {x: 0, y: 0, z: 0}
--- !u!114 &4990398953380427106
MonoBehaviour:
  m_ObjectHideFlags: 0
  m_CorrespondingSourceObject: {fileID: 0}
  m_PrefabInstance: {fileID: 0}
  m_PrefabAsset: {fileID: 0}
  m_GameObject: {fileID: 4990398953380427135}
  m_Enabled: 1
  m_EditorHideFlags: 0
  m_Script: {fileID: 11500000, guid: 520bb47c46cf8624fafb307b7d1b862a, type: 3}
  m_Name: 
  m_EditorClassIdentifier: 
  m_Camera: {fileID: 0}
--- !u!224 &4990398953380427133
RectTransform:
  m_ObjectHideFlags: 0
  m_CorrespondingSourceObject: {fileID: 0}
  m_PrefabInstance: {fileID: 0}
  m_PrefabAsset: {fileID: 0}
  m_GameObject: {fileID: 4990398953380427135}
  m_LocalRotation: {x: 0, y: 0, z: 0, w: 1}
  m_LocalPosition: {x: 0, y: 0, z: -0.01633133}
  m_LocalScale: {x: 1, y: 1, z: 1}
  m_Children: []
  m_Father: {fileID: 0}
  m_RootOrder: 9
  m_LocalEulerAnglesHint: {x: 0, y: 0, z: 0}
  m_AnchorMin: {x: 0.5, y: 0.5}
  m_AnchorMax: {x: 0.5, y: 0.5}
  m_AnchoredPosition: {x: -0.0064305365, y: 0.33296874}
  m_SizeDelta: {x: 100, y: 100}
  m_Pivot: {x: 0.5, y: 0.5}
--- !u!1 &4990398953380427135
GameObject:
  m_ObjectHideFlags: 0
  m_CorrespondingSourceObject: {fileID: 0}
  m_PrefabInstance: {fileID: 0}
  m_PrefabAsset: {fileID: 0}
  serializedVersion: 6
  m_Component:
  - component: {fileID: 4990398953380427133}
  - component: {fileID: 4990398953380427136}
  - component: {fileID: 4990398953380427106}
  m_Layer: 0
  m_Name: Human Body Tracker Avatar (1)
  m_TagString: Untagged
  m_Icon: {fileID: 0}
  m_NavMeshLayer: 0
  m_StaticEditorFlags: 0
  m_IsActive: 1
--- !u!114 &4990398953380427136
MonoBehaviour:
  m_ObjectHideFlags: 0
  m_CorrespondingSourceObject: {fileID: 0}
  m_PrefabInstance: {fileID: 0}
  m_PrefabAsset: {fileID: 0}
  m_GameObject: {fileID: 4990398953380427135}
  m_Enabled: 1
  m_EditorHideFlags: 0
  m_Script: {fileID: 11500000, guid: 27a6fe9227f9b4c90b9d5676bd1f37fe, type: 3}
  m_Name: 
  m_EditorClassIdentifier: 
  avatarOcc: 0
  loadingScr: {fileID: 1216407436}
  m_HumanBodyManager: {fileID: 646217272}
--- !u!1001 &7695205466426124057
PrefabInstance:
  m_ObjectHideFlags: 0
  serializedVersion: 2
  m_Modification:
    m_TransformParent: {fileID: 809033811}
    m_Modifications:
    - target: {fileID: 7695205466809464082, guid: 273b2f3e54ea348088a78f08c93081fe, type: 3}
      propertyPath: m_Pivot.x
      value: 0.5
      objectReference: {fileID: 0}
    - target: {fileID: 7695205466809464082, guid: 273b2f3e54ea348088a78f08c93081fe, type: 3}
      propertyPath: m_Pivot.y
      value: 0.5
      objectReference: {fileID: 0}
    - target: {fileID: 7695205466809464082, guid: 273b2f3e54ea348088a78f08c93081fe, type: 3}
      propertyPath: m_RootOrder
      value: 5
      objectReference: {fileID: 0}
    - target: {fileID: 7695205466809464082, guid: 273b2f3e54ea348088a78f08c93081fe, type: 3}
      propertyPath: m_AnchorMax.x
      value: 1
      objectReference: {fileID: 0}
    - target: {fileID: 7695205466809464082, guid: 273b2f3e54ea348088a78f08c93081fe, type: 3}
      propertyPath: m_AnchorMax.y
      value: 1
      objectReference: {fileID: 0}
    - target: {fileID: 7695205466809464082, guid: 273b2f3e54ea348088a78f08c93081fe, type: 3}
      propertyPath: m_AnchorMin.x
      value: 0.134
      objectReference: {fileID: 0}
    - target: {fileID: 7695205466809464082, guid: 273b2f3e54ea348088a78f08c93081fe, type: 3}
      propertyPath: m_AnchorMin.y
      value: 1
      objectReference: {fileID: 0}
    - target: {fileID: 7695205466809464082, guid: 273b2f3e54ea348088a78f08c93081fe, type: 3}
      propertyPath: m_SizeDelta.x
      value: -147.5942
      objectReference: {fileID: 0}
    - target: {fileID: 7695205466809464082, guid: 273b2f3e54ea348088a78f08c93081fe, type: 3}
      propertyPath: m_SizeDelta.y
      value: 50.993
      objectReference: {fileID: 0}
    - target: {fileID: 7695205466809464082, guid: 273b2f3e54ea348088a78f08c93081fe, type: 3}
      propertyPath: m_LocalPosition.x
      value: 0
      objectReference: {fileID: 0}
    - target: {fileID: 7695205466809464082, guid: 273b2f3e54ea348088a78f08c93081fe, type: 3}
      propertyPath: m_LocalPosition.y
      value: 0
      objectReference: {fileID: 0}
    - target: {fileID: 7695205466809464082, guid: 273b2f3e54ea348088a78f08c93081fe, type: 3}
      propertyPath: m_LocalPosition.z
      value: 0
      objectReference: {fileID: 0}
    - target: {fileID: 7695205466809464082, guid: 273b2f3e54ea348088a78f08c93081fe, type: 3}
      propertyPath: m_LocalRotation.w
      value: 1
      objectReference: {fileID: 0}
    - target: {fileID: 7695205466809464082, guid: 273b2f3e54ea348088a78f08c93081fe, type: 3}
      propertyPath: m_LocalRotation.x
      value: 0
      objectReference: {fileID: 0}
    - target: {fileID: 7695205466809464082, guid: 273b2f3e54ea348088a78f08c93081fe, type: 3}
      propertyPath: m_LocalRotation.y
      value: 0
      objectReference: {fileID: 0}
    - target: {fileID: 7695205466809464082, guid: 273b2f3e54ea348088a78f08c93081fe, type: 3}
      propertyPath: m_LocalRotation.z
      value: 0
      objectReference: {fileID: 0}
    - target: {fileID: 7695205466809464082, guid: 273b2f3e54ea348088a78f08c93081fe, type: 3}
      propertyPath: m_AnchoredPosition.x
      value: -73.797
      objectReference: {fileID: 0}
    - target: {fileID: 7695205466809464082, guid: 273b2f3e54ea348088a78f08c93081fe, type: 3}
      propertyPath: m_AnchoredPosition.y
      value: -26.490967
      objectReference: {fileID: 0}
    - target: {fileID: 7695205466809464082, guid: 273b2f3e54ea348088a78f08c93081fe, type: 3}
      propertyPath: m_LocalEulerAnglesHint.x
      value: 0
      objectReference: {fileID: 0}
    - target: {fileID: 7695205466809464082, guid: 273b2f3e54ea348088a78f08c93081fe, type: 3}
      propertyPath: m_LocalEulerAnglesHint.y
      value: 0
      objectReference: {fileID: 0}
    - target: {fileID: 7695205466809464082, guid: 273b2f3e54ea348088a78f08c93081fe, type: 3}
      propertyPath: m_LocalEulerAnglesHint.z
      value: 0
      objectReference: {fileID: 0}
    - target: {fileID: 7695205466809464083, guid: 273b2f3e54ea348088a78f08c93081fe, type: 3}
      propertyPath: m_Name
      value: Title3D
      objectReference: {fileID: 0}
    - target: {fileID: 7695205466809464083, guid: 273b2f3e54ea348088a78f08c93081fe, type: 3}
      propertyPath: m_IsActive
      value: 0
      objectReference: {fileID: 0}
    - target: {fileID: 7695205466809464085, guid: 273b2f3e54ea348088a78f08c93081fe, type: 3}
      propertyPath: m_fontStyle
      value: 0
      objectReference: {fileID: 0}
    - target: {fileID: 7695205466809464085, guid: 273b2f3e54ea348088a78f08c93081fe, type: 3}
      propertyPath: m_fontColor.b
      value: 1
      objectReference: {fileID: 0}
    - target: {fileID: 7695205466809464085, guid: 273b2f3e54ea348088a78f08c93081fe, type: 3}
      propertyPath: m_fontColor.g
      value: 1
      objectReference: {fileID: 0}
    - target: {fileID: 7695205466809464085, guid: 273b2f3e54ea348088a78f08c93081fe, type: 3}
      propertyPath: m_fontColor.r
      value: 1
      objectReference: {fileID: 0}
    - target: {fileID: 7695205466809464085, guid: 273b2f3e54ea348088a78f08c93081fe, type: 3}
      propertyPath: m_fontColor32.rgba
      value: 4294967295
      objectReference: {fileID: 0}
    - target: {fileID: 7695205466809464085, guid: 273b2f3e54ea348088a78f08c93081fe, type: 3}
      propertyPath: m_HorizontalAlignment
      value: 1
      objectReference: {fileID: 0}
    m_RemovedComponents: []
  m_SourcePrefab: {fileID: 100100000, guid: 273b2f3e54ea348088a78f08c93081fe, type: 3}
--- !u!1001 &8608206774397997707
PrefabInstance:
  m_ObjectHideFlags: 0
  serializedVersion: 2
  m_Modification:
    m_TransformParent: {fileID: 809033811}
    m_Modifications:
    - target: {fileID: 2142766650178849531, guid: 28e61bc0b76a34e89a52fa95ce74ab78, type: 3}
      propertyPath: m_AnchorMin.x
      value: 0.17970203
      objectReference: {fileID: 0}
    - target: {fileID: 2142766650178849531, guid: 28e61bc0b76a34e89a52fa95ce74ab78, type: 3}
      propertyPath: m_SizeDelta.x
      value: -78.85215
      objectReference: {fileID: 0}
    - target: {fileID: 2142766650178849531, guid: 28e61bc0b76a34e89a52fa95ce74ab78, type: 3}
      propertyPath: m_SizeDelta.y
      value: 32.165
      objectReference: {fileID: 0}
    - target: {fileID: 2142766650178849531, guid: 28e61bc0b76a34e89a52fa95ce74ab78, type: 3}
      propertyPath: m_AnchoredPosition.x
      value: -38.426075
      objectReference: {fileID: 0}
    - target: {fileID: 2142766650178849531, guid: 28e61bc0b76a34e89a52fa95ce74ab78, type: 3}
      propertyPath: m_AnchoredPosition.y
      value: -59.231
      objectReference: {fileID: 0}
    - target: {fileID: 2142766650178849532, guid: 28e61bc0b76a34e89a52fa95ce74ab78, type: 3}
      propertyPath: m_text
      value: Garment
      objectReference: {fileID: 0}
    - target: {fileID: 2142766650178849532, guid: 28e61bc0b76a34e89a52fa95ce74ab78, type: 3}
      propertyPath: m_paragraphSpacing
      value: 0
      objectReference: {fileID: 0}
    - target: {fileID: 2142766650178849532, guid: 28e61bc0b76a34e89a52fa95ce74ab78, type: 3}
      propertyPath: m_VerticalAlignment
      value: 4096
      objectReference: {fileID: 0}
    - target: {fileID: 2142766650178849532, guid: 28e61bc0b76a34e89a52fa95ce74ab78, type: 3}
      propertyPath: m_HorizontalAlignment
      value: 1
      objectReference: {fileID: 0}
    - target: {fileID: 8608206773047919644, guid: 28e61bc0b76a34e89a52fa95ce74ab78, type: 3}
      propertyPath: m_Sprite
      value: 
      objectReference: {fileID: 21300000, guid: a265184625eec4a7d88759013a7a624b, type: 3}
    - target: {fileID: 8608206773047919644, guid: 28e61bc0b76a34e89a52fa95ce74ab78, type: 3}
      propertyPath: m_PreserveAspect
      value: 1
      objectReference: {fileID: 0}
    - target: {fileID: 8608206773047919645, guid: 28e61bc0b76a34e89a52fa95ce74ab78, type: 3}
      propertyPath: m_OnClick.m_PersistentCalls.m_Calls.Array.data[0].m_Target
      value: 
      objectReference: {fileID: 1880367238}
    - target: {fileID: 8608206773047919646, guid: 28e61bc0b76a34e89a52fa95ce74ab78, type: 3}
      propertyPath: m_Pivot.y
      value: 0.5000005
      objectReference: {fileID: 0}
    - target: {fileID: 8608206773047919646, guid: 28e61bc0b76a34e89a52fa95ce74ab78, type: 3}
      propertyPath: m_AnchorMax.x
      value: 0.13970202
      objectReference: {fileID: 0}
    - target: {fileID: 8608206773047919646, guid: 28e61bc0b76a34e89a52fa95ce74ab78, type: 3}
      propertyPath: m_SizeDelta.x
      value: -0.96100044
      objectReference: {fileID: 0}
    - target: {fileID: 8608206773047919646, guid: 28e61bc0b76a34e89a52fa95ce74ab78, type: 3}
      propertyPath: m_AnchoredPosition.x
      value: -0.48046875
      objectReference: {fileID: 0}
    - target: {fileID: 8608206773047919646, guid: 28e61bc0b76a34e89a52fa95ce74ab78, type: 3}
      propertyPath: m_AnchoredPosition.y
      value: -59.25698
      objectReference: {fileID: 0}
    - target: {fileID: 8608206774005375322, guid: 28e61bc0b76a34e89a52fa95ce74ab78, type: 3}
      propertyPath: m_Pivot.x
      value: 0.5
      objectReference: {fileID: 0}
    - target: {fileID: 8608206774005375322, guid: 28e61bc0b76a34e89a52fa95ce74ab78, type: 3}
      propertyPath: m_Pivot.y
      value: 0.5
      objectReference: {fileID: 0}
    - target: {fileID: 8608206774005375322, guid: 28e61bc0b76a34e89a52fa95ce74ab78, type: 3}
      propertyPath: m_RootOrder
      value: 8
      objectReference: {fileID: 0}
    - target: {fileID: 8608206774005375322, guid: 28e61bc0b76a34e89a52fa95ce74ab78, type: 3}
      propertyPath: m_AnchorMax.x
      value: 1
      objectReference: {fileID: 0}
    - target: {fileID: 8608206774005375322, guid: 28e61bc0b76a34e89a52fa95ce74ab78, type: 3}
      propertyPath: m_AnchorMax.y
      value: 1
      objectReference: {fileID: 0}
    - target: {fileID: 8608206774005375322, guid: 28e61bc0b76a34e89a52fa95ce74ab78, type: 3}
      propertyPath: m_AnchorMin.x
      value: 0
      objectReference: {fileID: 0}
    - target: {fileID: 8608206774005375322, guid: 28e61bc0b76a34e89a52fa95ce74ab78, type: 3}
      propertyPath: m_AnchorMin.y
      value: 1
      objectReference: {fileID: 0}
    - target: {fileID: 8608206774005375322, guid: 28e61bc0b76a34e89a52fa95ce74ab78, type: 3}
      propertyPath: m_SizeDelta.x
      value: 0.23001099
      objectReference: {fileID: 0}
    - target: {fileID: 8608206774005375322, guid: 28e61bc0b76a34e89a52fa95ce74ab78, type: 3}
      propertyPath: m_SizeDelta.y
      value: 135.4452
      objectReference: {fileID: 0}
    - target: {fileID: 8608206774005375322, guid: 28e61bc0b76a34e89a52fa95ce74ab78, type: 3}
      propertyPath: m_LocalPosition.x
      value: 0
      objectReference: {fileID: 0}
    - target: {fileID: 8608206774005375322, guid: 28e61bc0b76a34e89a52fa95ce74ab78, type: 3}
      propertyPath: m_LocalPosition.y
      value: 0
      objectReference: {fileID: 0}
    - target: {fileID: 8608206774005375322, guid: 28e61bc0b76a34e89a52fa95ce74ab78, type: 3}
      propertyPath: m_LocalPosition.z
      value: 0
      objectReference: {fileID: 0}
    - target: {fileID: 8608206774005375322, guid: 28e61bc0b76a34e89a52fa95ce74ab78, type: 3}
      propertyPath: m_LocalRotation.w
      value: 1
      objectReference: {fileID: 0}
    - target: {fileID: 8608206774005375322, guid: 28e61bc0b76a34e89a52fa95ce74ab78, type: 3}
      propertyPath: m_LocalRotation.x
      value: 0
      objectReference: {fileID: 0}
    - target: {fileID: 8608206774005375322, guid: 28e61bc0b76a34e89a52fa95ce74ab78, type: 3}
      propertyPath: m_LocalRotation.y
      value: 0
      objectReference: {fileID: 0}
    - target: {fileID: 8608206774005375322, guid: 28e61bc0b76a34e89a52fa95ce74ab78, type: 3}
      propertyPath: m_LocalRotation.z
      value: 0
      objectReference: {fileID: 0}
    - target: {fileID: 8608206774005375322, guid: 28e61bc0b76a34e89a52fa95ce74ab78, type: 3}
      propertyPath: m_AnchoredPosition.x
      value: -0.14624023
      objectReference: {fileID: 0}
    - target: {fileID: 8608206774005375322, guid: 28e61bc0b76a34e89a52fa95ce74ab78, type: 3}
      propertyPath: m_AnchoredPosition.y
      value: -67.72238
      objectReference: {fileID: 0}
    - target: {fileID: 8608206774005375322, guid: 28e61bc0b76a34e89a52fa95ce74ab78, type: 3}
      propertyPath: m_LocalEulerAnglesHint.x
      value: 0
      objectReference: {fileID: 0}
    - target: {fileID: 8608206774005375322, guid: 28e61bc0b76a34e89a52fa95ce74ab78, type: 3}
      propertyPath: m_LocalEulerAnglesHint.y
      value: 0
      objectReference: {fileID: 0}
    - target: {fileID: 8608206774005375322, guid: 28e61bc0b76a34e89a52fa95ce74ab78, type: 3}
      propertyPath: m_LocalEulerAnglesHint.z
      value: 0
      objectReference: {fileID: 0}
    - target: {fileID: 8608206774005375323, guid: 28e61bc0b76a34e89a52fa95ce74ab78, type: 3}
      propertyPath: m_Name
      value: TopBkG
      objectReference: {fileID: 0}
    m_RemovedComponents: []
  m_SourcePrefab: {fileID: 100100000, guid: 28e61bc0b76a34e89a52fa95ce74ab78, type: 3}
--- !u!224 &8608206774397997708 stripped
RectTransform:
  m_CorrespondingSourceObject: {fileID: 8608206774005375322, guid: 28e61bc0b76a34e89a52fa95ce74ab78, type: 3}
  m_PrefabInstance: {fileID: 8608206774397997707}
  m_PrefabAsset: {fileID: 0}
